Workbook

Sheet PRESUPUESTO C.D
B3: Formulario 1 - Propuesta económica - Documento tipo de obra pública - versión 3
B4: Código | C4: CCE-EICP-FM-14
B5: FORMULARIO 1
B6: PRESUPUESTO OFICIAL
B7: [La entidad puede utilizar este formulario de detalle del presupuesto oficial para determinar las condiciones bajo las cuales los proponentes analizarán y presentarán su propuesta económica de forma detallada, sin perjuicio que la entidad pueda modificarlo o establecer la presentación de la oferta económica con un formulario distinto al indicado.]
B9: Adicionalmente, cuando el proceso de contratación es estructurado por precios unitarios, la Entidad debe aplicar las notas 1, 2 y 3 del presente formulario y las casillas de "Descripción", "Porcentaje" de la Administración y Utilidad y total A.U. resaltadas en color amarillo. Tratándose de otras modalidades de precio, la Entidad puede o no configurar los mismos aspectos.
B11: MEJORAMIENTO DE LA PLANTA FÍSICA DEL ESTABLECIMIENTO EDUCATIVO OFICIAL: PRESUPUESTO OBRA CIVIL - INSTITUCION EDUCATIVA ESTAMBUL
B12: Nº | C12: ITEM DE PAGO | D12: DESCRIPCION | E12: UND. | F12: CANTIDAD | G12: VALOR UNITARIO | H12: VLAOR CON AU | I12: VALOR CON AU | J12: VALOR TOTAL
C13: 001 | D13: PRELIMINARES
B14: 1 | C14: 001.049 | D14: SUMINISTRO, TRANSPORTE E INSTALACIÓN CERRAMIENTO EN YUTE H= 2 M | E14: ML | F14: 200 | G14: =A.P.U!I1 -> 15699 | H14: =G14*1.3627 -> 21393.027 | I14: =F14*H14 -> 4278605.5 | J14: =ROUND(G14*F14,0) -> 3139800
B15: 2 | C15: 001.054 | D15: SUMINISTRO, TRANSPORTE E INSTALACION SEÑAL PREVENTIVA, REGLAMENTARIA E INFORMATIVA | E15: UND | F15: 4 | G15: =A.P.U!I8 -> 257265 | H15: =G15*1.3627 -> 350575.02 | I15: =F15*H15 -> 1402300.1 | J15: =ROUND(G15*F15,0) -> 1029060
B16: Subtotal | H16: =G16*1.3627 -> 0 | I16: =SUM(I14:I15) -> 5680905.5 | J16: =SUM(J13:J15) -> 4168860
C17: 002 | D17: MOVIMIENTO DE TIERRAS | H17: =G17*1.3627 -> 0
B18: 3 | C18: 002.089 | D18: RETIRO DE MATERIAL SOBRANTE EN VOLQUETA, CARGUE MANUAL, DISPOSICIÓN EN BOTADERO (HASTA 25 KM) | E18: M3-Suelto | F18: 45 | G18: =A.P.U!I17 -> 44658 | H18: =G18*1.3627 -> 60855.457 | I18: =F18*H18 -> 2738495.5 | J18: =ROUND(G18*F18,0) -> 2009610
B19: Subtotal | H19: =G19*1.3627 -> 0 | I19: =SUM(I18) -> 2738495.5 | J19: =SUM(J18) -> 2009610
C20: 003 | D20: DESAGUES E INSTALACIONES SANITARIAS | H20: =G20*1.3627 -> 0
B21: 4 | C21: 003.011 | D21: SUMINISTRO, TRANSPORTE E INSTALACION BAJANTE AGUAS LLUVIAS PVC 4" (INCLUYE CODO, UNION Y ACCESORIOS DE FIJACION) | E21: ML | F21: 50 | G21: =A.P.U!I23 -> 42672 | H21: =G21*1.3627 -> 58149.134 | I21: =F21*H21 -> 2907456.7 | J21: =ROUND(G21*F21,0) -> 2133600
H22: =G22*1.3627 -> 0 | I22: =SUM(I21) -> 2907456.7 | J22: =SUM(J21) -> 2133600
C23: 005 | D23: ESTRUCTURAS EN CONCRETO, METALICAS Y DE MADERA | H23: =G23*1.3627 -> 0
B24: 5 | C24: 005.113 | D24: SUMINISTRO, TRANSPORTE E INSTALACION ESTRUCTURA METALICA PARA CUBIERTA (INCLUYE SOLDADURA, ANTICORROSIVO Y ESMALTE). | E24: KG | F24: 580 | G24: =A.P.U!I35 -> 23495 | H24: =G24*1.3627 -> 32016.637 | I24: =F24*H24 -> 18569649 | J24: =F24*G24 -> 13627100
B25: Subtotal | H25: =G25*1.3627 -> 0 | I25: =SUM(I24) -> 18569649 | J25: =SUM(J24) -> 13627100
C26: 007 | D26: INSTALACIONES HIDRAULICAS | H26: =G26*1.3627 -> 0
B27: 6 | C27: 007.116 | D27: SUMINISTRO, TRANSPORTE E INSTALACION LAVAMANOS DE EMPOTRAR LINEA SAN LORENZO COLOR BLANCO DE CORONA REF: O19001001 O SIMILAR. (INCLUYE ELEMENTOS DE GRIFERÍA PARA INSTALACIÓN). | E27: UND | F27: 10 | G27: =A.P.U!I47 -> 523495 | H27: =G27*1.3627 -> 713366.64 | I27: =F27*H27 -> 7133666.4 | J27: =F27*G27 -> 5234950
B28: 7 | C28: 007.120 | D28: SONDEO DE TUBERÍAS Y BAJANTES DE AGUAS LLUVIA | E28: ML | F28: 16 | G28: =A.P.U!I55 -> 9537 | H28: =G28*1.3627 -> 12996.07 | I28: =F28*H28 -> 207937.12 | J28: =F28*G28 -> 152592
B29: Subtotal | H29: =G29*1.3627 -> 0 | I29: =SUM(I27:I28) -> 7341603.5 | J29: =SUM(J27:J28) -> 5387542
C30: 08B | D30: INSTALACIONES ELECTRICAS | H30: =G30*1.3627 -> 0
C31: 08B.111 | D31: SUMINISTRO E INSTALACION DE TABLERO DE 12 CIRCUITOS 2F4H, CON PUERTA. BARRAJE PARA 200A BARRA NEUTRO Y BARRA TIERRA CALIDAD LEGRAND, SIEMENS, SQARED O SUPERIOR DE MARCA RECONOCIDA Y HOMOLOGADA POR EL CIDET | E31: UND | F31: 1 | G31: =A.P.U!I60 -> 645174 | H31: =G31*1.3627 -> 879178.61 | I31: =F31*H31 -> 879178.61 | J31: =F31*G31 -> 645174
C32: 08B.176 | D32: SUMINISTRO, TRANSPORTE E INSTALACION SALIDA TOMACORRIENTE NORMAL DOBLE PT EN TUBERIA CONDUIT EMT 3/4", ALAMBRE NO 12 AWG | E32: UND | F32: 16 | G32: =A.P.U!I99 -> 193896 | H32: =G32*1.3627 -> 264222.08 | I32: =F32*H32 -> 4227553.3 | J32: =F32*G32 -> 3102336
C33: 08B.197 | D33: SUMINISTRO, TRANSPORTE E INSTALACION SALIDA INTERRUPTOR SENCILLO EN TUBERIA CONDUIT EMT 3/4", ALAMBRE NO 12 AWG. | E33: UND | F33: 3 | G33: =A.P.U!I127 -> 189876 | H33: =G33*1.3627 -> 258744.03 | I33: =F33*H33 -> 776232.08 | J33: =F33*G33 -> 569628
C34: 08B.278 | D34: SUMINISTRO E INSTALACION DE BREAKER 1X20 A | E34: UND | F34: 10 | G34: =A.P.U!I167 -> 60518 | H34: =G34*1.3627 -> 82467.879 | I34: =F34*H34 -> 824678.79 | J34: =F34*G34 -> 605180
C35: 08B.179 | D35: SUMINISTRO, TRANSPORTE E INSTALACION SALIDA TOMACORRIENTE GFCI DOBLE EN TUBERIA CONDUIT EMT 3/4", ALAMBRE NO 12 AWG | E35: UND | F35: 1 | G35: =A.P.U!I114 -> 210010 | H35: =G35*1.3627 -> 286180.63 | I35: =F35*H35 -> 286180.63 | J35: =F35*G35 -> 210010
C36: 08B.203 | D36: SUMINISTRO, TRANSPORTE E INSTALACION SALIDA INTERRUPTOR DOBLE EN TUBERIA CONDUIT EMT 3/4", ALAMBRE NO 12 AWG. | E36: UND | F36: 3 | G36: =A.P.U!I140 -> 203612 | H36: =G36*1.3627 -> 277462.07 | I36: =F36*H36 -> 832386.22 | J36: =F36*G36 -> 610836
C37: 08B.304 | D37: DESMONTE DE LÁMPARAS DE SOBREPONER, INCRUSTAR O SIMILAR. ALTURA < 3 METROS (INCLUYE ESCALERA CERTIFICADA) | E37: UND | F37: 119 | G37: =A.P.U!I173 -> 29639 | H37: =G37*1.3627 -> 40389.065 | I37: =F37*H37 -> 4806298.8 | J37: =F37*G37 -> 3527041
C38: 08B.307 | D38: DESMONTE DE INTERRUPTORES (DOBLE O SENCILLOS), TOMACORRIENTES (DOBLES O SENCILLOS), PUNTOS TELEFÓNICOS, DE DATOS O SIMILARES | E38: UND | F38: 27 | G38: =A.P.U!I180 -> 11568 | H38: =G38*1.3627 -> 15763.714 | I38: =F38*H38 -> 425620.27 | J38: =F38*G38 -> 312336
C39: 08B.311 | D39: DESMONTE Y RETIRO DE REDES ELÉCTRICAS PARÁSITAS. INCLUYE ANDAMIO CERTIFICADO | E39: ML | F39: 270 | G39: =A.P.U!I185 -> 10151 | H39: =G39*1.3627 -> 13832.768 | I39: =F39*H39 -> 3734847.3 | J39: =F39*G39 -> 2740770
C40: 08B.325 | D40: SUMINISTRO, TRANSPORTE E INSTALACION PANEL LED REDONDO DE INCRUSTAR 18W LUZ BLANCA NEUTRA 1080 LÚMENES TIPO SYLVANA O SIMILAR | E40: UND | F40: 3 | G40: =A.P.U!I192 -> 78341 | H40: =G40*1.3627 -> 106755.28 | I40: =F40*H40 -> 320265.84 | J40: =F40*G40 -> 235023
C41: 08B.330 | D41: SUMINISTRO, TRANSPORTE E INSTALACION DE LUMINARIA DE EMPOTRAR TIPO PANEL LED CUADRADO 60 X 60, 48W BLANCO OPAL. INCLUYE DRIVER SC CLAVIJA Y TODOS LOS ACCESORIOS PARA SU CORRECTA INSTALACIÓN Y MONTAJE | E41: UND | F41: 42 | G41: =A.P.U!I201 -> 130804 | H41: =G41*1.3627 -> 178246.61 | I41: =F41*H41 -> 7486357.7 | J41: =F41*G41 -> 5493768
C42: 08B.456 | D42: SUMINISTRO, TRANSPORTE E INSTALACIÓN LUMINARIA HERMETICA 36W - SYLVANIA O SIMILAR | E42: UND | F42: 8 | G42: =A.P.U!I209 -> 149154 | H42: =G42*1.3627 -> 203252.16 | I42: =F42*H42 -> 1626017.2 | J42: 149154
C43: 08B.557 | D43: SUMINISTRO, TRANSPORTE E INSTALACION SALIDA INTERRUPTOR SENCILLO CONMUTABLE EN TUBERIA CONDUIT EMT 3/4", CABLE N° 12 AWG HFFR LS | E43: UND | F43: 2 | G43: =A.P.U!I217 -> 219030 | H43: =G43*1.3627 -> 298472.18 | I43: =F43*H43 -> 596944.36 | J43: =F43*G43 -> 438060
C44: 08B.558 | D44: SUMINISTRO, TRANSPORTE E INSTALACION SALIDA INTERRUPTOR CONMUTABLE DOBLE EN TUBERIA CONDUIT EMT 3/4", CABLE N° 12 AWG HFFR LS | E44: UND | F44: 1 | G44: =A.P.U!I232 -> 236561 | H44: =G44*1.3627 -> 322361.67 | I44: =F44*H44 -> 322361.67 | J44: =F44*G44 -> 236561
C45: 08B.838 | D45: SUMINISTRO, TRANSPORTE E INSTALACION DE RED ELECTRICA EN 3 # 12 THHN (NO INCLUYE DUCTO) | E45: ML | F45: 120 | G45: =A.P.U!I247 -> 20769 | H45: =G45*1.3627 -> 28301.916 | I45: =F45*H45 -> 3396230 | J45: =F45*G45 -> 2492280
C46: 08B.840 | D46: SUMINISTRO, TRANSPORTE E INSTALACION DE BREAKER 1 X 30 AMP | E46: UND | F46: 1 | G46: =A.P.U!I256 -> 60934 | H46: =G46*1.3627 -> 83034.762 | I46: =F46*H46 -> 83034.762 | J46: =F46*G46 -> 60934
C47: 08B.947 | D47: SUMINISTRO, TRANSPROTE E INSTALACIÓN DE REFLECTOR LED 200 W, IP65 | E47: UND | F47: 3 | G47: =A.P.U!I262 -> 250103 | H47: =G47*1.3627 -> 340815.36 | I47: =F47*H47 -> 1022446.1 | J47: =F47*G47 -> 750309
B48: Subtotal | H48: =G48*1.3627 -> 0 | I48: =SUM(I31:I47) -> 31646633 | J48: =SUM(J31:J47) -> 22179400
C49: 009 | D49: REVOQUES-RESANES | H49: =G49*1.3627 -> 0
C50: 009.025 | D50: REPARACION MUROS (INCLUYE RESANE Y PINTURA) | E50: M2 | F50: 120 | G50: =A.P.U!I270 -> 5138 | H50: =G50*1.3627 -> 7001.5526 | I50: =F50*H50 -> 840186.31 | J50: =F50*G50 -> 616560
B51: 17 | C51: 009.026 | D51: SUMINISTRO, TRANSPORTE E INSTALACION SIKA MONOTOP 123 SOBRE MURO, FILOS Y DILATACIONES EN AREAS DE INTERVENCION PARA CONTROL DE HUMEDAD). | E51: M2 | F51: 120 | G51: =A.P.U!I274 -> 35061 | H51: =G51*1.3627 -> 47777.625 | I51: =F51*H51 -> 5733315 | J51: =F51*G51 -> 4207320
B52: Subtotal | H52: =G52*1.3627 -> 0 | I52: =SUM(I50:I51) -> 6573501.3 | J52: =SUM(J50:J51) -> 4823880
C53: 010 | D53: CUBIERTAS | H53: =G53*1.3627 -> 0
B54: 18 | C54: 010.017 | D54: SUMINISTRO, TRANSPORTE E INSTALACION FLANCHE EN LAMINA GALVANIZADA CAL .22 D/ 0.30 M. (INCLUYE ESMALTE + ANCLAJE A MURO + SIKAFLEX) | E54: ML | F54: 15 | G54: =A.P.U!I281 -> 29590 | H54: =G54*1.3627 -> 40322.293 | I54: =F54*H54 -> 604834.4 | J54: =F54*G54 -> 443850
B55: 19 | C55: 010.020 | D55: SUMINISTRO, TRANSPORTE E INSTALACION CANAL EN LAMINA GALVANIZADA CAL .22 D/ 0.82 M. (SUMINISTRO E INSTALACIÓN CON WASH PRIMER + ESMALTE + ANCLAJE A MURO + SILICONA) | E55: ML | F55: 106 | G55: =A.P.U!I292 -> 110412 | H55: =G55*1.3627 -> 150458.43 | I55: =F55*H55 -> 15948594 | J55: =F55*G55 -> 11703672
B56: 20 | C56: 010.033 | D56: SUMINISTRO, TRANSPORTE E INSTALACION DE TEJA TERMOACÚSTICA UPVC DE 2.0MM (INCLUYE CAPOTE, ARENDELA DE NEOPRENO, TAPA Y TORNILLO DE 3" | E56: M2 | F56: 130 | G56: =A.P.U!I307 -> 80014 | H56: =G56*1.3627 -> 109035.08 | I56: =F56*H56 -> 14174560 | J56: =F56*G56 -> 10401820
B57: 21 | C57: 010.048 | D57: SUMINISTRO, TRANSPORTE E INSTALACIÓN DE TEJA TIPO SANDWICH ESPESOR 18MM LAMINA SUPERIOR E INFERIOR CAL. 26 REF KINGSPAN O EQUIVALENTE (INC. KIT DE FIJACIÓN Y DEMÁS ELEMENTOS PARA SU CORRECTA INSTALACIÓN Y FUNCIONAMIENTO) | E57: M2 | F57: 260 | G57: =A.P.U!I328 -> 174578 | H57: =G57*1.3627 -> 237897.44 | I57: =F57*H57 -> 61853335 | J57: =F57*G57 -> 45390280
B58: 22 | C58: 010.036 | D58: SUMINISTRO, TRANSPORTE E INSTALACION DE CABALLETE UPVC 2,0MM. (Incluye kit de fijación con arandela de neopreno) | E58: ML | F58: 43 | G58: =A.P.U!I318 -> 79506 | H58: =G58*1.3627 -> 108342.83 | I58: =F58*H58 -> 4658741.5 | J58: =F58*G58 -> 3418758
B59: Subtotal | H59: =G59*1.3627 -> 0 | I59: =SUM(I54:I58) -> 97240064 | J59: =SUM(J54:J58) -> 71358380
C60: 011 | D60: CELO RASOS | H60: =G60*1.3627 -> 0
B61: 41 | C61: 011.009 | D61: SUMINISTRO, TRANSPORTE E INSTALACIÓN DE CIELO RASO EN LÁMINAS DE PVC A TODO COSTO. INCLUYE ESTRUCTURA METÁLICA, PERIMETRALES Y HASTA 2 CAJAS DE INSPECCION DE 0.60 X 0.60 CADA 30 M2. TEXTURA SEGÚN DISEÑO | E61: M2 | F61: 10 | G61: =A.P.U!I339 -> 82946 | H61: =G61*1.3627 -> 113030.51 | I61: =F61*H61 -> 1130305.1 | J61: =ROUND(G61*F61,0) -> 829460
H62: =G62*1.3627 -> 0 | I62: =SUM(I61) -> 1130305.1 | J62: =SUM(J61) -> 829460
C63: 017 | D63: CARPINTERIA METALICA | H63: =G63*1.3627 -> 0
B64: 23 | C64: 017.029 | D64: SUMINISTRO, TRANSPORTE E INSTALACION VENTANA FIJA EN ALUMINIO ANODIZADO VIDRIO 8 MM (INCLUYE MARCO EN PERFILERIA PB 3831 O SIMILAR Y VIDRIO CRISTAL DE 8 MM. ). INCLUYE EL SUMINISTRO DE TODOS LOS ACCESORIOS REQUERIDOS PARA EL CORRECTO MONTAJE, ASI COMO EL SUMINISTRO E INSTALACIÓN DE LA SILICONA QUE SEA REQUERIDA PARA GARANTIZAR UNA PERFECTA INSTALACIÓN. SEGUN DETALLE. | E64: M2 | F64: 46 | G64: =A.P.U!I353 -> 404230 | H64: =G64*1.3627 -> 550844.22 | I64: =F64*H64 -> 25338834 | J64: =F64*G64 -> 18594580
B65: 24 | C65: 017.040 | D65: SUMINISTRO, TRANSPORTE E INSTALACION PUERTA DOBLE VIDRIO TEMPLADO 10 MM CON ZOCALO EN ALUMINIO CON BISAGRAS DE PISO NEUMATICAS, CON CERRADURAS Y MANIJAS. INCLUYE EL SUMINISTRO DE TODOS LOS ACCESORIOS REQUERIDOS PARA EL CORRECTO MONTAJE. SEGUN DETALLE. | E65: M2 | F65: 6.8 | G65: =A.P.U!I356 -> 1285340 | H65: =G65*1.3627 -> 1751532.8 | I65: =F65*H65 -> 11910423 | J65: =F65*G65 -> 8740312
B66: 25 | C66: 017.061 | D66: SUMINISTRO, TRANSPORTE E INSTALACION PUERTA CABINAS SANITARIAS SISTEMA CANTILIVER EN ACERO INOXIDABLE CAL. 18. SEGÚN DETALLE. INCLUYE SUMINISTRO, INSTALACIÓN, PASADOR DE CIERRE. | E66: M2 | F66: 8 | G66: =A.P.U!I359 -> 1167976 | H66: =G66*1.3627 -> 1591600.9 | I66: =F66*H66 -> 12732807 | J66: =F66*G66 -> 9343808
B67: 26 | C67: 017.088 | D67: SUMINISTRO, TRANSPORTE E INSTALACION CABINAS ORINALES 1.20*0,45 ACERO INOXIDABLE CAL. 20. SEGÚN DETALLE. INCLUYE SUMINISTRO E INSTALACIÓN, SEGÚN DETALLE. | E67: UND | F67: 4 | G67: =A.P.U!I362 -> 674964 | H67: =G67*1.3627 -> 919773.44 | I67: =F67*H67 -> 3679093.8 | J67: =F67*G67 -> 2699856
B68: Subtotal | H68: =G68*1.3627 -> 0 | I68: =SUM(I64:I67) -> 53661158 | J68: =SUM(J64:J67) -> 39378556
C69: 019 | D69: PINTURA | H69: =G69*1.3627 -> 0
B70: 27 | C70: 019.001 | D70: SUMINISTRO, TRANSPORTE E INSTALACION ESTUCO Y VINILO 3 MANOS SOBRE MURO INTERIOR (INCLUYE ESTUCO, 1 MANO EN PINTURA TIPO 2 Y DOS MANOS EN PINTURA TIPO 1, FILOS Y DILATACIONES). COLOR SEGÚN DISEÑO POR M2 | E70: M2 | F70: 670 | G70: =A.P.U!I365 -> 30043 | H70: =G70*1.3627 -> 40939.596 | I70: =F70*H70 -> 27429529 | J70: =F70*G70 -> 20128810
B71: 28 | C71: 019.013 | D71: SUMINISTRO, TRANSPORTE E INSTALACION GRANIPLAST (ESGRAFIADO) FACHADAS ( INCLUYE FILOS Y DILATACIONES) | E71: M2 | F71: 150 | G71: =A.P.U!I376 -> 39229 | H71: =G71*1.3627 -> 53457.358 | I71: =F71*H71 -> 8018603.7 | J71: =F71*G71 -> 5884350
B72: 29 | C72: 019.014 | D72: SUMINISTRO, TRANSPORTE E INSTALACION ESTUCO Y PINTURA TIPO KORAZA O SIMILAR 3 MANOS FACHADAS (INCLUYE ESTUCO, 1 MANO EN PINTURA TIPO 2 Y DOS MANOS EN PINTURA TIPO KORAZA O SIMILAR, FILOS Y DILATACIONES). COLOR SEGÚN DISEÑO. | E72: M2 | F72: 65 | G72: =A.P.U!I384 -> 34590 | H72: =G72*1.3627 -> 47135.793 | I72: =F72*H72 -> 3063826.5 | J72: =F72*G72 -> 2248350
B73: 30 | C73: 019.023 | D73: SUMINISTRO TRANSPORTE E INSTALACION ESTUCO Y 3 MANOS DE PINTURA ACRILTEX PARA BAÑO Y COCINA | E73: M2 | F73: 38 | G73: =A.P.U!I395 -> 35146 | H73: =G73*1.3627 -> 47893.454 | I73: =F73*H73 -> 1819951.3 | J73: =F73*G73 -> 1335548
B74: 31 | C74: 019.033 | D74: SUMINISTRO, TRANSPORTE E INSTALACION PINTURA ESMALTE PARA PUERTAS, REJAS, VENTANAS Y DEMÁS SUPERFICIES METÁLICAS. AMBAS CARAS. INCLUYE FILOS Y DILATACIONES. INCLUYE ANDAMIOS CERTIFICADOS PARA TRABAJO EN ALTURAS. | E74: M2 | F74: 214 | G74: =A.P.U!I403 -> 33592 | H74: =G74*1.3627 -> 45775.818 | I74: =F74*H74 -> 9796025.1 | J74: =F74*G74 -> 7188688
C75: 019.038 | D75: SUMINISTRO, TRANSPORTE E INSTALACION VINILO 3 MANOS SOBRE MURO INTERIOR (1 MANO EN PINTURA TIPO 2 Y DOS MANOS EN PINTURA TIPO 1, FILOS Y DILATACIONES). COLOR SEGÚN DISEÑO POR M2 | E75: M2 | F75: 330 | G75: =A.P.U!I412 -> 23379 | H75: =G75*1.3627 -> 31858.563 | I75: =F75*H75 -> 10513326 | J75: =F75*G75 -> 7715070
B76: 32 | C76: 019.040 | D76: SUMINISTRO, TRANSPORTE E INSTALACION VINILO 3 MANOS SOBRE GRANIPLAST EN MURO EXTERIOR ALTURA > 3 M (INCLUYE 1 MANO EN PINTURA TIPO 2 Y DOS MANOS EN PINTURA TIPO 1, FILOS Y DILATACIONES). COLOR SEGÚN DISEÑO POR M2 | E76: M2 | F76: 1300 | G76: =A.P.U!I422 -> 28651 | H76: =G76*1.3627 -> 39042.718 | I76: =F76*H76 -> 50755533 | J76: =F76*G76 -> 37246300
C77: 019.041 | D77: SUMINISTRO, TRANSPORTE E INSTALACION ESMALTE SINTETICO 3 EN 1 BAJO PLACA METALICA (INC. VIGAS Y PERFILES METALICOS) | E77: M2 | F77: 60 | G77: =A.P.U!I431 -> 31858 | H77: =G77*1.3627 -> 43412.897 | I77: =F77*H77 -> 2604773.8 | J77: =F77*G77 -> 1911480
B78: Subtotal | H78: =G78*1.3627 -> 0 | I78: =SUM(I70:I77) -> 1.1400157e+08 | J78: =SUM(J70:J77) -> 83658596
C79: 022 | D79: ASEO GENERAL Y LIMPIEZA | H79: =G79*1.3627 -> 0
B80: 33 | C80: 022.001 | D80: ASEO GENERAL | E80: M2 | F80: 420 | G80: =A.P.U!I439 -> 4643 | H80: =G80*1.3627 -> 6327.0161 | I80: =F80*H80 -> 2657346.8 | J80: =ROUND(G80*F80,0) -> 1950060
B81: Subtotal | H81: =G81*1.3627 -> 0 | I81: =SUM(I80) -> 2657346.8 | J81: =SUM(J80) -> 1950060
C82: 028 | D82: DESMONTES | H82: =G82*1.3627 -> 0
B83: 34 | C83: 028.005 | D83: DESMONTE APARATOS SANITARIOS | E83: UND | F83: 10 | G83: =A.P.U!I443 -> 77572 | H83: =G83*1.3627 -> 105707.36 | I83: =F83*H83 -> 1057073.6 | J83: =ROUND(G83*F83,0) -> 775720
B84: 35 | C84: 028.007 | D84: DESMONTE CUBIERTA (INC. RETIRO YDISPOSICIÓN EN BOTADERO) | E84: M2 | F84: 390 | G84: =A.P.U!I448 -> 19569 | H84: =G84*1.3627 -> 26666.676 | I84: =F84*H84 -> 10400004 | J84: =ROUND(G84*F84,0) -> 7631910
B85: 36 | C85: 028.008 | D85: DESMONTE CIELO RASO (INCLUYE RETIRO) | E85: M2 | F85: 330 | G85: =A.P.U!I455 -> 19220 | H85: =G85*1.3627 -> 26191.094 | I85: =F85*H85 -> 8643061 | J85: =ROUND(G85*F85,0) -> 6342600
B86: 37 | C86: 028.011 | D86: DESMONTE PANELES DIVISORIOS | E86: M2 | F86: 1.15 | G86: =A.P.U!I462 -> 16594 | H86: =G86*1.3627 -> 22612.644 | I86: =F86*H86 -> 26004.54 | J86: =ROUND(G86*F86,0) -> 19083
B87: 38 | C87: 028.012 | D87: DESMONTE PUERTAS (INCLUYE RETIRO) | E87: UND | F87: 7 | G87: =A.P.U!I466 -> 56393 | H87: =G87*1.3627 -> 76846.741 | I87: =F87*H87 -> 537927.19 | J87: =ROUND(G87*F87,0) -> 394751
B88: 39 | C88: 028.014 | D88: DESMONTE DE CANALES Y BAJANTES | E88: ML | F88: 130 | G88: =A.P.U!I472 -> 7244 | H88: =G88*1.3627 -> 9871.3988 | I88: =F88*H88 -> 1283281.8 | J88: =ROUND(G88*F88,0) -> 941720
B89: 40 | C89: 028.081 | D89: DESMONTE DE CERCHA METALICA | E89: ML | F89: 105 | G89: =A.P.U!I484 -> 20418 | H89: =G89*1.3627 -> 27823.609 | I89: =F89*H89 -> 2921478.9 | J89: =ROUND(G89*F89,0) -> 2143890
B90: Subtotal | H90: =G90*1.3627 -> 0 | I90: =SUM(I83:I89) -> 24868831 | J90: =SUM(J83:J89) -> 18249674
C91: 029 | D91: DEMOLICIONES | H91: =G91*1.3627 -> 0
B92: 41 | C92: 029.005 | D92: DEMOLICION DE MESONES A=0.60 M. | E92: ML | F92: 3 | G92: =A.P.U!I487 -> 50819 | H92: =G92*1.3627 -> 69251.051 | I92: =F92*H92 -> 207753.15 | J92: =ROUND(G92*F92,0) -> 152457
H93: =G93*1.3627 -> 0 | I93: =SUM(I92) -> 207753.15 | J93: =SUM(J92) -> 152457
C94: 032 | D94: ACTIVIDADES PARA PROYECTOS ESPECIFICOS | H94: =G94*1.3627 -> 0
C95: 032.037 | D95: SUMINISTRO, TRANSPORTE E INSTALACION CUBIERTA POLICARBONATO ALVEOLAR 6MM | E95: M2 | F95: 30 | G95: =A.P.U!I491 -> 179026 | H95: =G95*1.3627 -> 243958.73 | I95: =F95*H95 -> 7318761.9 | J95: =F95*G95 -> 5370780
C96: 032.040 | D96: SUMINISTRO, TRANSPORTE E INSTALACION LAMINA DE ICOPOR PARA CIELO RASO EN ESTRUCTURA EXISTENTE | E96: M2 | F96: 30 | G96: =A.P.U!I506 -> 33490 | H96: =G96*1.3627 -> 45636.823 | I96: =F96*H96 -> 1369104.7 | J96: =F96*G96 -> 1004700
B97: 42 | C97: 032.045 | D97: SUMINISTRO, TRANSPORTE E INSTALACION LAVAPLATOS SOCODA DE 0,40 X 0,60 M CON LLAVE TERMINAL CROMADA Y ROSCADA CON GRIFERÍA, SIFÓN Y ACOPLE | E97: UND | F97: 1 | G97: =A.P.U!I514 -> 408648 | H97: =G97*1.3627 -> 556864.63 | I97: =F97*H97 -> 556864.63 | J97: =F97*G97 -> 408648
C98: 032.122 | D98: RENIVELACION DE CIELO RASO EN ALUMINIO E ICOPOR EXISTENTE | E98: M2 | F98: 70 | G98: =A.P.U!I522 -> 13286 | H98: =G98*1.3627 -> 18104.832 | I98: =F98*H98 -> 1267338.3 | J98: =F98*G98 -> 930020
B99: 43 | C99: 032.125 | D99: SUMINISTRO TRANSPORTE E INSTALACION MESON EN GRANITO NATURAL CRISTAL PULIDO Y BRILLADO, PARA INCRUSTAR LAVAMANOS A=0.60M | E99: ML | F99: 8.6 | G99: =A.P.U!I527 -> 656243 | H99: =G99*1.3627 -> 894262.34 | I99: =F99*H99 -> 7690656.1 | J99: =F99*G99 -> 5643689.8
B100: 44 | C100: 032.135 | D100: SUMINISTRO, TRANSPORTE E INSTALACIÓN DIVISION ORINAL EN ACERO INOXIDABLE CAL. 20; 0,9X0,45X0,10 M (DOBLE HOJA) | E100: UND | F100: 4 | G100: =A.P.U!I532 -> 714859 | H100: =G100*1.3627 -> 974138.36 | I100: =F100*H100 -> 3896553.4 | J100: =F100*G100 -> 2859436
B101: 45 | C101: 032.175 | D101: SUMINISTRO, TRANSPORTE E INSTALACIÓN DE SIKATOP-121 PARA REPARACIÓN DE SUPERFICIES EN CONCRETO O MAMPOSTERIA. INCLUYE TODO LO NECESARIO PARA SU CORRECTA INSTALACIÓN | E101: M2 | F101: 54 | G101: =A.P.U!I540 -> 115422 | H101: =G101*1.3627 -> 157285.56 | I101: =F101*H101 -> 8493420.2 | J101: =F101*G101 -> 6232788
B102: Subtotal | I102: =SUM(I95:I101) -> 30592699 | J102: =SUM(J95:J101) -> 22450062 | N102: 292347866
B104: I.E SIETE AGOSOT SEDE A
B105: Nº | C105: ITEM DE PAGO | D105: DESCRIPCION | E105: UND. | F105: CANTIDAD | G105: VALOR UNITARIO | J105: VALOR TOTAL
...

Sheet PRESUPUESTO AU
B3: Formulario 1 - Propuesta económica - Documento tipo de obra pública - versión 3
B4: Código | C4: CCE-EICP-FM-14
B5: FORMULARIO 1
B6: PRESUPUESTO OFICIAL
B7: [La entidad puede utilizar este formulario de detalle del presupuesto oficial para determinar las condiciones bajo las cuales los proponentes analizarán y presentarán su propuesta económica de forma detallada, sin perjuicio que la entidad pueda modificarlo o establecer la presentación de la oferta económica con un formulario distinto al indicado.]
B9: Adicionalmente, cuando el proceso de contratación es estructurado por precios unitarios, la Entidad debe aplicar las notas 1, 2 y 3 del presente formulario y las casillas de "Descripción", "Porcentaje" de la Administración y Utilidad y total A.U. resaltadas en color amarillo. Tratándose de otras modalidades de precio, la Entidad puede o no configurar los mismos aspectos.
B11: MEJORAMIENTO DE LA PLANTA FÍSICA DEL ESTABLECIMIENTO EDUCATIVO OFICIAL: PRESUPUESTO OBRA CIVIL - INSTITUCION EDUCATIVA ESTAMBUL
B12: Nº | C12: ITEM DE PAGO | D12: DESCRIPCION | E12: UND. | F12: CANTIDAD | G12: VALOR UNITARIO | H12: VALOR UNITARIO | I12: VALOR TOTAL
C13: 001 | D13: PRELIMINARES
B14: 1 | C14: 001.049 | D14: SUMINISTRO, TRANSPORTE E INSTALACIÓN CERRAMIENTO EN YUTE H= 2 M | E14: ML | F14: 200 | G14: =A.P.U!I1*'ANALISIS AU'!J42 -> 21393.027 | H14: =ROUND(G14,N12) -> 21393 | I14: =+ROUND(F14*H14,0) -> 4278600
B15: 2 | C15: 001.054 | D15: SUMINISTRO, TRANSPORTE E INSTALACION SEÑAL PREVENTIVA, REGLAMENTARIA E INFORMATIVA | E15: UND | F15: 4 | G15: =A.P.U!I8*'ANALISIS AU'!J42 -> 350575.02 | H15: =ROUND(G15,N13) -> 350575 | I15: =+ROUND(F15*H15,0) -> 1402300
B16: Subtotal | I16: =SUM(I13:I15) -> 5680900
C17: 002 | D17: MOVIMIENTO DE TIERRAS
B18: 3 | C18: 002.089 | D18: RETIRO DE MATERIAL SOBRANTE EN VOLQUETA, CARGUE MANUAL, DISPOSICIÓN EN BOTADERO (HASTA 25 KM) | E18: M3-Suelto | F18: 45 | G18: =A.P.U!I17*'ANALISIS AU'!J42 -> 60855.457 | H18: =ROUND(G18,N16) -> 60855 | I18: =+ROUND(F18*H18,0) -> 2738475
B19: Subtotal | I19: =SUM(I18) -> 2738475
C20: 003 | D20: DESAGUES E INSTALACIONES SANITARIAS
B21: 4 | C21: 003.011 | D21: SUMINISTRO, TRANSPORTE E INSTALACION BAJANTE AGUAS LLUVIAS PVC 4" (INCLUYE CODO, UNION Y ACCESORIOS DE FIJACION) | E21: ML | F21: 50 | G21: =A.P.U!I23*'ANALISIS AU'!J42 -> 58149.134 | H21: =ROUND(G21,N19) -> 58149 | I21: =+ROUND(F21*H21,0) -> 2907450
I22: =SUM(I21) -> 2907450
C23: 005 | D23: ESTRUCTURAS EN CONCRETO, METALICAS Y DE MADERA
B24: 5 | C24: 005.113 | D24: SUMINISTRO, TRANSPORTE E INSTALACION ESTRUCTURA METALICA PARA CUBIERTA (INCLUYE SOLDADURA, ANTICORROSIVO Y ESMALTE). | E24: KG | F24: 580 | G24: =A.P.U!I35*'ANALISIS AU'!J42 -> 32016.637 | H24: =ROUND(G24,N22) -> 32017 | I24: =+ROUND(F24*H24,0) -> 18569860
B25: Subtotal | I25: =SUM(I24) -> 18569860
C26: 007 | D26: INSTALACIONES HIDRAULICAS
B27: 6 | C27: 007.116 | D27: SUMINISTRO, TRANSPORTE E INSTALACION LAVAMANOS DE EMPOTRAR LINEA SAN LORENZO COLOR BLANCO DE CORONA REF: O19001001 O SIMILAR. (INCLUYE ELEMENTOS DE GRIFERÍA PARA INSTALACIÓN). | E27: UND | F27: 10 | G27: =A.P.U!I47*'ANALISIS AU'!J42 -> 713366.64 | H27: =ROUND(G27,N25) -> 713367 | I27: =+ROUND(F27*H27,0) -> 7133670
B28: 7 | C28: 007.120 | D28: SONDEO DE TUBERÍAS Y BAJANTES DE AGUAS LLUVIA | E28: ML | F28: 16 | G28: =A.P.U!I55*'ANALISIS AU'!J42 -> 12996.07 | H28: =ROUND(G28,N26) -> 12996 | I28: =+ROUND(F28*H28,0) -> 207936
B29: Subtotal | I29: =SUM(I27:I28) -> 7341606
C30: 08B | D30: INSTALACIONES ELECTRICAS
B31: 8 | C31: 08B.111 | D31: SUMINISTRO E INSTALACION DE TABLERO DE 12 CIRCUITOS 2F4H, CON PUERTA. BARRAJE PARA 200A BARRA NEUTRO Y BARRA TIERRA CALIDAD LEGRAND, SIEMENS, SQARED O SUPERIOR DE MARCA RECONOCIDA Y HOMOLOGADA POR EL CIDET | E31: UND | F31: 1 | G31: =A.P.U!I60*'ANALISIS AU'!J42 -> 879178.61 | H31: =ROUND(G31,N29) -> 879179 | I31: =+ROUND(F31*H31,0) -> 879179
B32: 9 | C32: 08B.176 | D32: SUMINISTRO, TRANSPORTE E INSTALACION SALIDA TOMACORRIENTE NORMAL DOBLE PT EN TUBERIA CONDUIT EMT 3/4", ALAMBRE NO 12 AWG | E32: UND | F32: 16 | G32: =A.P.U!I99*'ANALISIS AU'!J42 -> 264222.08 | H32: =ROUND(G32,N30) -> 264222 | I32: =+ROUND(F32*H32,0) -> 4227552
B33: 10 | C33: 08B.197 | D33: SUMINISTRO, TRANSPORTE E INSTALACION SALIDA INTERRUPTOR SENCILLO EN TUBERIA CONDUIT EMT 3/4", ALAMBRE NO 12 AWG. | E33: UND | F33: 3 | G33: =A.P.U!I127*'ANALISIS AU'!J42 -> 258744.03 | H33: =ROUND(G33,N31) -> 258744 | I33: =+ROUND(F33*H33,0) -> 776232
B34: 11 | C34: 08B.278 | D34: SUMINISTRO E INSTALACION DE BREAKER 1X20 A | E34: UND | F34: 10 | G34: =A.P.U!I167*'ANALISIS AU'!J42 -> 82467.879 | H34: =ROUND(G34,N32) -> 82468 | I34: =+ROUND(F34*H34,0) -> 824680
B35: 12 | C35: 08B.179 | D35: SUMINISTRO, TRANSPORTE E INSTALACION SALIDA TOMACORRIENTE GFCI DOBLE EN TUBERIA CONDUIT EMT 3/4", ALAMBRE NO 12 AWG | E35: UND | F35: 1 | G35: =A.P.U!I114*'ANALISIS AU'!J42 -> 286180.63 | H35: =ROUND(G35,N33) -> 286181 | I35: =+ROUND(F35*H35,0) -> 286181
B36: 13 | C36: 08B.203 | D36: SUMINISTRO, TRANSPORTE E INSTALACION SALIDA INTERRUPTOR DOBLE EN TUBERIA CONDUIT EMT 3/4", ALAMBRE NO 12 AWG. | E36: UND | F36: 3 | G36: =A.P.U!I140*'ANALISIS AU'!J42 -> 277462.07 | H36: =ROUND(G36,N34) -> 277462 | I36: =+ROUND(F36*H36,0) -> 832386
B37: 14 | C37: 08B.304 | D37: DESMONTE DE LÁMPARAS DE SOBREPONER, INCRUSTAR O SIMILAR. ALTURA < 3 METROS (INCLUYE ESCALERA CERTIFICADA) | E37: UND | F37: 119 | G37: =A.P.U!I173*'ANALISIS AU'!J42 -> 40389.065 | H37: =ROUND(G37,N35) -> 40389 | I37: =+ROUND(F37*H37,0) -> 4806291
B38: 15 | C38: 08B.307 | D38: DESMONTE DE INTERRUPTORES (DOBLE O SENCILLOS), TOMACORRIENTES (DOBLES O SENCILLOS), PUNTOS TELEFÓNICOS, DE DATOS O SIMILARES | E38: UND | F38: 27 | G38: =A.P.U!I180*'ANALISIS AU'!J42 -> 15763.714 | H38: =ROUND(G38,N36) -> 15764 | I38: =+ROUND(F38*H38,0) -> 425628
B39: 16 | C39: 08B.311 | D39: DESMONTE Y RETIRO DE REDES ELÉCTRICAS PARÁSITAS. INCLUYE ANDAMIO CERTIFICADO | E39: ML | F39: 270 | G39: =A.P.U!I185*'ANALISIS AU'!J42 -> 13832.768 | H39: =ROUND(G39,N37) -> 13833 | I39: =+ROUND(F39*H39,0) -> 3734910
B40: 17 | C40: 08B.325 | D40: SUMINISTRO, TRANSPORTE E INSTALACION PANEL LED REDONDO DE INCRUSTAR 18W LUZ BLANCA NEUTRA 1080 LÚMENES TIPO SYLVANA O SIMILAR | E40: UND | F40: 3 | G40: =A.P.U!I192*'ANALISIS AU'!J42 -> 106755.28 | H40: =ROUND(G40,N38) -> 106755 | I40: =+ROUND(F40*H40,0) -> 320265
B41: 18 | C41: 08B.330 | D41: SUMINISTRO, TRANSPORTE E INSTALACION DE LUMINARIA DE EMPOTRAR TIPO PANEL LED CUADRADO 60 X 60, 48W BLANCO OPAL. INCLUYE DRIVER SC CLAVIJA Y TODOS LOS ACCESORIOS PARA SU CORRECTA INSTALACIÓN Y MONTAJE | E41: UND | F41: 42 | G41: =A.P.U!I201*'ANALISIS AU'!J42 -> 178246.61 | H41: =ROUND(G41,N39) -> 178247 | I41: =+ROUND(F41*H41,0) -> 7486374
B42: 19 | C42: 08B.456 | D42: SUMINISTRO, TRANSPORTE E INSTALACIÓN LUMINARIA HERMETICA 36W - SYLVANIA O SIMILAR | E42: UND | F42: 8 | G42: =A.P.U!I209*'ANALISIS AU'!J42 -> 203252.16 | H42: =ROUND(G42,N40) -> 203252 | I42: =+ROUND(F42*H42,0) -> 1626016
B43: 20 | C43: 08B.557 | D43: SUMINISTRO, TRANSPORTE E INSTALACION SALIDA INTERRUPTOR SENCILLO CONMUTABLE EN TUBERIA CONDUIT EMT 3/4", CABLE N° 12 AWG HFFR LS | E43: UND | F43: 2 | G43: =A.P.U!I217*'ANALISIS AU'!J42 -> 298472.18 | H43: =ROUND(G43,N41) -> 298472 | I43: =+ROUND(F43*H43,0) -> 596944
B44: 21 | C44: 08B.558 | D44: SUMINISTRO, TRANSPORTE E INSTALACION SALIDA INTERRUPTOR CONMUTABLE DOBLE EN TUBERIA CONDUIT EMT 3/4", CABLE N° 12 AWG HFFR LS | E44: UND | F44: 1 | G44: =A.P.U!I232*'ANALISIS AU'!J42 -> 322361.67 | H44: =ROUND(G44,N42) -> 322362 | I44: =+ROUND(F44*H44,0) -> 322362
B45: 22 | C45: 08B.838 | D45: SUMINISTRO, TRANSPORTE E INSTALACION DE RED ELECTRICA EN 3 # 12 THHN (NO INCLUYE DUCTO) | E45: ML | F45: 120 | G45: =A.P.U!I247*'ANALISIS AU'!J42 -> 28301.916 | H45: =ROUND(G45,N43) -> 28302 | I45: =+ROUND(F45*H45,0) -> 3396240
B46: 23 | C46: 08B.840 | D46: SUMINISTRO, TRANSPORTE E INSTALACION DE BREAKER 1 X 30 AMP | E46: UND | F46: 1 | G46: =A.P.U!I256*'ANALISIS AU'!J42 -> 83034.762 | H46: =ROUND(G46,N44) -> 83035 | I46: =+ROUND(F46*H46,0) -> 83035
B47: 24 | C47: 08B.947 | D47: SUMINISTRO, TRANSPROTE E INSTALACIÓN DE REFLECTOR LED 200 W, IP65 | E47: UND | F47: 3 | G47: =A.P.U!I262*'ANALISIS AU'!J42 -> 340815.36 | H47: =ROUND(G47,N45) -> 340815 | I47: =+ROUND(F47*H47,0) -> 1022445
B48: Subtotal | I48: =SUM(I31:I47) -> 31646720
C49: 009 | D49: REVOQUES-RESANES
B50: 25 | C50: 009.025 | D50: REPARACION MUROS (INCLUYE RESANE Y PINTURA) | E50: M2 | F50: 120 | G50: =A.P.U!I270*'ANALISIS AU'!J42 -> 7001.5526 | H50: =ROUND(G50,N48) -> 7002 | I50: =+ROUND(F50*H50,0) -> 840240
B51: 26 | C51: 009.026 | D51: SUMINISTRO, TRANSPORTE E INSTALACION SIKA MONOTOP 123 SOBRE MURO, FILOS Y DILATACIONES EN AREAS DE INTERVENCION PARA CONTROL DE HUMEDAD). | E51: M2 | F51: 120 | G51: =A.P.U!I274*'ANALISIS AU'!J42 -> 47777.625 | H51: =ROUND(G51,N49) -> 47778 | I51: =+ROUND(F51*H51,0) -> 5733360
B52: Subtotal | I52: =SUM(I50:I51) -> 6573600
C53: 010 | D53: CUBIERTAS
B54: 27 | C54: 010.017 | D54: SUMINISTRO, TRANSPORTE E INSTALACION FLANCHE EN LAMINA GALVANIZADA CAL .22 D/ 0.30 M. (INCLUYE ESMALTE + ANCLAJE A MURO + SIKAFLEX) | E54: ML | F54: 15 | G54: =A.P.U!I281*'ANALISIS AU'!J42 -> 40322.293 | H54: =ROUND(G54,N52) -> 40322 | I54: =+ROUND(F54*H54,0) -> 604830
B55: 28 | C55: 010.020 | D55: SUMINISTRO, TRANSPORTE E INSTALACION CANAL EN LAMINA GALVANIZADA CAL .22 D/ 0.82 M. (SUMINISTRO E INSTALACIÓN CON WASH PRIMER + ESMALTE + ANCLAJE A MURO + SILICONA) | E55: ML | F55: 106 | G55: =A.P.U!I292*'ANALISIS AU'!J42 -> 150458.43 | H55: =ROUND(G55,N53) -> 150458 | I55: =+ROUND(F55*H55,0) -> 15948548
B56: 29 | C56: 010.033 | D56: SUMINISTRO, TRANSPORTE E INSTALACION DE TEJA TERMOACÚSTICA UPVC DE 2.0MM (INCLUYE CAPOTE, ARENDELA DE NEOPRENO, TAPA Y TORNILLO DE 3" | E56: M2 | F56: 130 | G56: =A.P.U!I307*'ANALISIS AU'!J42 -> 109035.08 | H56: =ROUND(G56,N54) -> 109035 | I56: =+ROUND(F56*H56,0) -> 14174550
B57: 30 | C57: 010.048 | D57: SUMINISTRO, TRANSPORTE E INSTALACIÓN DE TEJA TIPO SANDWICH ESPESOR 18MM LAMINA SUPERIOR E INFERIOR CAL. 26 REF KINGSPAN O EQUIVALENTE (INC. KIT DE FIJACIÓN Y DEMÁS ELEMENTOS PARA SU CORRECTA INSTALACIÓN Y FUNCIONAMIENTO) | E57: M2 | F57: 260 | G57: =A.P.U!I328*'ANALISIS AU'!J42 -> 237897.44 | H57: =ROUND(G57,N55) -> 237897 | I57: =+ROUND(F57*H57,0) -> 61853220
B58: 31 | C58: 010.036 | D58: SUMINISTRO, TRANSPORTE E INSTALACION DE CABALLETE UPVC 2,0MM. (Incluye kit de fijación con arandela de neopreno) | E58: ML | F58: 43 | G58: =A.P.U!I318*'ANALISIS AU'!J42 -> 108342.83 | H58: =ROUND(G58,N56) -> 108343 | I58: =+ROUND(F58*H58,0) -> 4658749
B59: Subtotal | I59: =SUM(I54:I58) -> 97239897
C60: 011 | D60: CELO RASOS
B61: 32 | C61: 011.009 | D61: SUMINISTRO, TRANSPORTE E INSTALACIÓN DE CIELO RASO EN LÁMINAS DE PVC A TODO COSTO. INCLUYE ESTRUCTURA METÁLICA, PERIMETRALES Y HASTA 2 CAJAS DE INSPECCION DE 0.60 X 0.60 CADA 30 M2. TEXTURA SEGÚN DISEÑO | E61: M2 | F61: 10 | G61: =A.P.U!I339*'ANALISIS AU'!J42 -> 113030.51 | H61: =ROUND(G61,N59) -> 113031 | I61: =+ROUND(F61*H61,0) -> 1130310
I62: =SUM(I61) -> 1130310
C63: 017 | D63: CARPINTERIA METALICA
B64: 33 | C64: 017.029 | D64: SUMINISTRO, TRANSPORTE E INSTALACION VENTANA FIJA EN ALUMINIO ANODIZADO VIDRIO 8 MM (INCLUYE MARCO EN PERFILERIA PB 3831 O SIMILAR Y VIDRIO CRISTAL DE 8 MM. ). INCLUYE EL SUMINISTRO DE TODOS LOS ACCESORIOS REQUERIDOS PARA EL CORRECTO MONTAJE, ASI COMO EL SUMINISTRO E INSTALACIÓN DE LA SILICONA QUE SEA REQUERIDA PARA GARANTIZAR UNA PERFECTA INSTALACIÓN. SEGUN DETALLE. | E64: M2 | F64: 46 | G64: =A.P.U!I353*'ANALISIS AU'!J42 -> 550844.22 | H64: =ROUND(G64,N62) -> 550844 | I64: =+ROUND(F64*H64,0) -> 25338824
B65: 34 | C65: 017.040 | D65: SUMINISTRO, TRANSPORTE E INSTALACION PUERTA DOBLE VIDRIO TEMPLADO 10 MM CON ZOCALO EN ALUMINIO CON BISAGRAS DE PISO NEUMATICAS, CON CERRADURAS Y MANIJAS. INCLUYE EL SUMINISTRO DE TODOS LOS ACCESORIOS REQUERIDOS PARA EL CORRECTO MONTAJE. SEGUN DETALLE. | E65: M2 | F65: 6.8 | G65: =A.P.U!I356*'ANALISIS AU'!J42 -> 1751532.8 | H65: =ROUND(G65,M65) -> 1751533 | I65: =+ROUND(F65*H65,0) -> 11910424
B66: 35 | C66: 017.061 | D66: SUMINISTRO, TRANSPORTE E INSTALACION PUERTA CABINAS SANITARIAS SISTEMA CANTILIVER EN ACERO INOXIDABLE CAL. 18. SEGÚN DETALLE. INCLUYE SUMINISTRO, INSTALACIÓN, PASADOR DE CIERRE. | E66: M2 | F66: 8 | G66: =A.P.U!I359*'ANALISIS AU'!J42 -> 1591600.9 | H66: =ROUND(G66,N64) -> 1591601 | I66: =+ROUND(F66*H66,0) -> 12732808
B67: 36 | C67: 017.088 | D67: SUMINISTRO, TRANSPORTE E INSTALACION CABINAS ORINALES 1.20*0,45 ACERO INOXIDABLE CAL. 20. SEGÚN DETALLE. INCLUYE SUMINISTRO E INSTALACIÓN, SEGÚN DETALLE. | E67: UND | F67: 4 | G67: =A.P.U!I362*'ANALISIS AU'!J42 -> 919773.44 | H67: =ROUND(G67,N65) -> 919773 | I67: =+ROUND(F67*H67,0) -> 3679092
B68: Subtotal | I68: =SUM(I64:I67) -> 53661148
C69: 019 | D69: PINTURA
B70: 37 | C70: 019.001 | D70: SUMINISTRO, TRANSPORTE E INSTALACION ESTUCO Y VINILO 3 MANOS SOBRE MURO INTERIOR (INCLUYE ESTUCO, 1 MANO EN PINTURA TIPO 2 Y DOS MANOS EN PINTURA TIPO 1, FILOS Y DILATACIONES). COLOR SEGÚN DISEÑO POR M2 | E70: M2 | F70: 670 | G70: =A.P.U!I365*'ANALISIS AU'!J42 -> 40939.596 | H70: =ROUND(G70,N68) -> 40940 | I70: =+ROUND(F70*H70,0) -> 27429800
B71: 38 | C71: 019.013 | D71: SUMINISTRO, TRANSPORTE E INSTALACION GRANIPLAST (ESGRAFIADO) FACHADAS ( INCLUYE FILOS Y DILATACIONES) | E71: M2 | F71: 150 | G71: =A.P.U!I376*'ANALISIS AU'!J42 -> 53457.358 | H71: =ROUND(G71,N69) -> 53457 | I71: =+ROUND(F71*H71,0) -> 8018550
B72: 39 | C72: 019.014 | D72: SUMINISTRO, TRANSPORTE E INSTALACION ESTUCO Y PINTURA TIPO KORAZA O SIMILAR 3 MANOS FACHADAS (INCLUYE ESTUCO, 1 MANO EN PINTURA TIPO 2 Y DOS MANOS EN PINTURA TIPO KORAZA O SIMILAR, FILOS Y DILATACIONES). COLOR SEGÚN DISEÑO. | E72: M2 | F72: 65 | G72: =A.P.U!I384*'ANALISIS AU'!J42 -> 47135.793 | H72: =ROUND(G72,N70) -> 47136 | I72: =+ROUND(F72*H72,0) -> 3063840
B73: 40 | C73: 019.023 | D73: SUMINISTRO TRANSPORTE E INSTALACION ESTUCO Y 3 MANOS DE PINTURA ACRILTEX PARA BAÑO Y COCINA | E73: M2 | F73: 38 | G73: =A.P.U!I395*'ANALISIS AU'!J42 -> 47893.454 | H73: =ROUND(G73,N71) -> 47893 | I73: =+ROUND(F73*H73,0) -> 1819934
B74: 41 | C74: 019.033 | D74: SUMINISTRO, TRANSPORTE E INSTALACION PINTURA ESMALTE PARA PUERTAS, REJAS, VENTANAS Y DEMÁS SUPERFICIES METÁLICAS. AMBAS CARAS. INCLUYE FILOS Y DILATACIONES. INCLUYE ANDAMIOS CERTIFICADOS PARA TRABAJO EN ALTURAS. | E74: M2 | F74: 214 | G74: =A.P.U!I403*'ANALISIS AU'!J42 -> 45775.818 | H74: =ROUND(G74,N72) -> 45776 | I74: =+ROUND(F74*H74,0) -> 9796064
B75: 42 | C75: 019.038 | D75: SUMINISTRO, TRANSPORTE E INSTALACION VINILO 3 MANOS SOBRE MURO INTERIOR (1 MANO EN PINTURA TIPO 2 Y DOS MANOS EN PINTURA TIPO 1, FILOS Y DILATACIONES). COLOR SEGÚN DISEÑO POR M2 | E75: M2 | F75: 330 | G75: =A.P.U!I412*'ANALISIS AU'!J42 -> 31858.563 | H75: =ROUND(G75,N73) -> 31859 | I75: =+ROUND(F75*H75,0) -> 10513470
B76: 43 | C76: 019.040 | D76: SUMINISTRO, TRANSPORTE E INSTALACION VINILO 3 MANOS SOBRE GRANIPLAST EN MURO EXTERIOR ALTURA > 3 M (INCLUYE 1 MANO EN PINTURA TIPO 2 Y DOS MANOS EN PINTURA TIPO 1, FILOS Y DILATACIONES). COLOR SEGÚN DISEÑO POR M2 | E76: M2 | F76: 1300 | G76: =A.P.U!I422*'ANALISIS AU'!J42 -> 39042.718 | H76: =ROUND(G76,N74) -> 39043 | I76: =+ROUND(F76*H76,0) -> 50755900
B77: 44 | C77: 019.041 | D77: SUMINISTRO, TRANSPORTE E INSTALACION ESMALTE SINTETICO 3 EN 1 BAJO PLACA METALICA (INC. VIGAS Y PERFILES METALICOS) | E77: M2 | F77: 60 | G77: =A.P.U!I431*'ANALISIS AU'!J42 -> 43412.897 | H77: =ROUND(G77,N75) -> 43413 | I77: =+ROUND(F77*H77,0) -> 2604780
B78: Subtotal | I78: =SUM(I70:I77) -> 114002338
C79: 022 | D79: ASEO GENERAL Y LIMPIEZA
B80: 45 | C80: 022.001 | D80: ASEO GENERAL | E80: M2 | F80: 420 | G80: =A.P.U!I439*'ANALISIS AU'!J42 -> 6327.0161 | H80: =ROUND(G80,N78) -> 6327 | I80: =+ROUND(F80*H80,0) -> 2657340
B81: Subtotal | I81: =SUM(I80) -> 2657340
C82: 028 | D82: DESMONTES
B83: 46 | C83: 028.005 | D83: DESMONTE APARATOS SANITARIOS | E83: UND | F83: 10 | G83: =A.P.U!I443*'ANALISIS AU'!J42 -> 105707.36 | H83: =ROUND(G83,N81) -> 105707 | I83: =+ROUND(F83*H83,0) -> 1057070
B84: 47 | C84: 028.007 | D84: DESMONTE CUBIERTA (INC. RETIRO YDISPOSICIÓN EN BOTADERO) | E84: M2 | F84: 390 | G84: =A.P.U!I448*'ANALISIS AU'!J42 -> 26666.676 | H84: =ROUND(G84,N82) -> 26667 | I84: =+ROUND(F84*H84,0) -> 10400130
B85: 48 | C85: 028.008 | D85: DESMONTE CIELO RASO (INCLUYE RETIRO) | E85: M2 | F85: 330 | G85: =A.P.U!I455*'ANALISIS AU'!J42 -> 26191.094 | H85: =ROUND(G85,N83) -> 26191 | I85: =+ROUND(F85*H85,0) -> 8643030
B86: 49 | C86: 028.011 | D86: DESMONTE PANELES DIVISORIOS | E86: M2 | F86: 1.15 | G86: =A.P.U!I462*'ANALISIS AU'!J42 -> 22612.644 | H86: =ROUND(G86,N84) -> 22613 | I86: =+ROUND(F86*H86,0) -> 26005
B87: 50 | C87: 028.012 | D87: DESMONTE PUERTAS (INCLUYE RETIRO) | E87: UND | F87: 7 | G87: =A.P.U!I466*'ANALISIS AU'!J42 -> 76846.741 | H87: =ROUND(G87,N85) -> 76847 | I87: =+ROUND(F87*H87,0) -> 537929
B88: 51 | C88: 028.014 | D88: DESMONTE DE CANALES Y BAJANTES | E88: ML | F88: 130 | G88: =A.P.U!I472*'ANALISIS AU'!J42 -> 9871.3988 | H88: =ROUND(G88,N86) -> 9871 | I88: =+ROUND(F88*H88,0) -> 1283230
B89: 52 | C89: 028.081 | D89: DESMONTE DE CERCHA METALICA | E89: ML | F89: 105 | G89: =A.P.U!I484*'ANALISIS AU'!J42 -> 27823.609 | H89: =ROUND(G89,N87) -> 27824 | I89: =+ROUND(F89*H89,0) -> 2921520
B90: Subtotal | I90: =SUM(I83:I89) -> 24868914
C91: 029 | D91: DEMOLICIONES
B92: 53 | C92: 029.005 | D92: DEMOLICION DE MESONES A=0.60 M. | E92: ML | F92: 3 | G92: =A.P.U!I487*'ANALISIS AU'!J42 -> 69251.051 | H92: =ROUND(G92,N90) -> 69251 | I92: =+ROUND(F92*H92,0) -> 207753
I93: =SUM(I92) -> 207753
C94: 032 | D94: ACTIVIDADES PARA PROYECTOS ESPECIFICOS
B95: 54 | C95: 032.037 | D95: SUMINISTRO, TRANSPORTE E INSTALACION CUBIERTA POLICARBONATO ALVEOLAR 6MM | E95: M2 | F95: 30 | G95: =A.P.U!I491*'ANALISIS AU'!J42 -> 243958.73 | H95: =ROUND(G95,N93) -> 243959 | I95: =+ROUND(F95*H95,0) -> 7318770
B96: 55 | C96: 032.040 | D96: SUMINISTRO, TRANSPORTE E INSTALACION LAMINA DE ICOPOR PARA CIELO RASO EN ESTRUCTURA EXISTENTE | E96: M2 | F96: 30 | G96: =A.P.U!I506*'ANALISIS AU'!J42 -> 45636.823 | H96: =ROUND(G96,N94) -> 45637 | I96: =+ROUND(F96*H96,0) -> 1369110
B97: 56 | C97: 032.045 | D97: SUMINISTRO, TRANSPORTE E INSTALACION LAVAPLATOS SOCODA DE 0,40 X 0,60 M CON LLAVE TERMINAL CROMADA Y ROSCADA CON GRIFERÍA, SIFÓN Y ACOPLE | E97: UND | F97: 1 | G97: =A.P.U!I514*'ANALISIS AU'!J42 -> 556864.63 | H97: =ROUND(G97,N95) -> 556865 | I97: =+ROUND(F97*H97,0) -> 556865
B98: 57 | C98: 032.122 | D98: RENIVELACION DE CIELO RASO EN ALUMINIO E ICOPOR EXISTENTE | E98: M2 | F98: 70 | G98: =A.P.U!I522*'ANALISIS AU'!J42 -> 18104.832 | H98: =ROUND(G98,N96) -> 18105 | I98: =+ROUND(F98*H98,0) -> 1267350
B99: 58 | C99: 032.125 | D99: SUMINISTRO TRANSPORTE E INSTALACION MESON EN GRANITO NATURAL CRISTAL PULIDO Y BRILLADO, PARA INCRUSTAR LAVAMANOS A=0.60M | E99: ML | F99: 8.6 | G99: =A.P.U!I527*'ANALISIS AU'!J42 -> 894262.34 | H99: =ROUND(G99,N97) -> 894262 | I99: =+ROUND(F99*H99,0) -> 7690653
B100: 59 | C100: 032.135 | D100: SUMINISTRO, TRANSPORTE E INSTALACIÓN DIVISION ORINAL EN ACERO INOXIDABLE CAL. 20; 0,9X0,45X0,10 M (DOBLE HOJA) | E100: UND | F100: 4 | G100: =A.P.U!I532*'ANALISIS AU'!J42 -> 974138.36 | H100: =ROUND(G100,N98) -> 974138 | I100: =+ROUND(F100*H100,0) -> 3896552
B101: 60 | C101: 032.175 | D101: SUMINISTRO, TRANSPORTE E INSTALACIÓN DE SIKATOP-121 PARA REPARACIÓN DE SUPERFICIES EN CONCRETO O MAMPOSTERIA. INCLUYE TODO LO NECESARIO PARA SU CORRECTA INSTALACIÓN | E101: M2 | F101: 54 | G101: =A.P.U!I540*'ANALISIS AU'!J42 -> 157285.56 | H101: =ROUND(G101,N99) -> 157286 | I101: =+ROUND(F101*H101,0) -> 8493444
B102: Subtotal | I102: =SUM(I95:I101) -> 30592744
B104: I.E SIETE DE AGOSTO SEDE A
B105: Nº | C105: ITEM DE PAGO | D105: DESCRIPCION | E105: UND. | F105: CANTIDAD | G105: VALOR UNITARIO | I105: VALOR TOTAL
...

Sheet ANALISIS AU
A1: ANALISIS DEL AIU
A3: Valor estimado de la Obra (Costo Directo). | D3: Valor | E3: 541677920
A4: Plazo estimado de ejecución. | D4: Meses | E4: 3
A6: CAPITULO | B6: TIPO DE GASTO | C6: UN | D6: CANTIDAD. | E6: DEDICACION | F6: VLOR UNITARIO (mes) | G6: FACTOR PRESTACIONAL O FACTOR AIU (PARA INDIRECTOS) | H6: VALOR TOTAL | I6: SUMA | J6: PORCENTAJE
A7: 1 | B7: GASTOS GENERALES. | J7: =+J8 -> 0.095178921
A8: 1.1 | B8: MANO DE OBRA Y GASTOS DE OFICINA | I8: =SUM(H9:H14) -> 51556320 | J8: =+I8/$E$3 -> 0.095178921
B9: Ingeniero Residente | C9: Un | D9: 1 | E9: 1 | F9: 4500000 | G9: 0.6556 | H9: =+D9*E9*$E$4*F9*(1+G9) -> 22350600 | J9: =+H9/$E$3 -> 0.041261789
B10: Maestro de Obra | C10: Un | D10: 1 | E10: 1 | F10: 3600000 | G10: 0.6556 | H10: =+D10*E10*$E$4*F10*(1+G10) -> 17880480 | J10: =+H10/$E$3 -> 0.033009431
B11: Residente de Salud Ocupacional | C11: Un | D11: 1 | E11: 0.5 | F11: 3600000 | G11: 0.6556 | H11: =+D11*E11*$E$4*F11*(1+G11) -> 8940240 | J11: =+H11/$E$3 -> 0.016504716
B12: Plan de Salud ocupacional y seguridad industrial | C12: Mes | D12: =+$E$4 -> 3 | E12: 1 | F12: 200000 | H12: =+D12*E12*$E$4*F12*(1+G12) -> 1800000 | J12: =+H12/$E$3 -> 0.0033230079
B13: Costos financiero | C13: Mes | D13: =+$E$4 -> 3 | E13: 1 | F13: 65000 | H13: =+D13*E13*$E$4*F13*(1+G13) -> 585000 | J13: =+H13/$E$3 -> 0.0010799776
H14: =F14 -> 0 | J14: =+H14/$E$3 -> 0
A15: 2 | B15: GASTOS INDIRECTOS. | J15: =+J16+J18+J29+J25 -> 0.20753516
A16: 2.1 | B16: LEGALIZACION. | I16: =SUM(H17:H17) -> 0 | J16: =+I16/$E$3 -> 0
B17: AIU ITERACION | G17: 1.3627 | H17: =+F17*D17*G17 -> 0
A18: 2.2 | B18: POLIZAS | I18: =SUM(H19:H23) -> 6283992 | J18: =+I18/$E$3 -> 0.011600975
B19: Anticipo | C19: % | D19: 0.0006 | E19: 0.2 | F19: =+$E$3*E19 -> 108335584 | G19: =+$G$17 -> 1.3627 | H19: =+(((F19*G19*D19)/365)*($E$4*30+120))*1.19 -> 60645.143 | J19: =+H19/$E$3 -> 0.00011195794
B20: Cumplimiento | C20: % | D20: 0.0006 | F20: =+$E$3 -> 541677920 | G20: =+$G$17 -> 1.3627 | H20: =+(((F20*G20*D20)/365)*($E$4*30+120))*1.19 -> 303225.72 | J20: =+H20/$E$3 -> 0.00055978969
B21: Estabilidad | C21: % | D21: 0.0009 | F21: =+$E$3 -> 541677920 | G21: =+$G$17 -> 1.3627 | H21: =+(((F21*G21*D21)/365)*(1825))*1.19 -> 3952763.8 | J21: =+H21/$E$3 -> 0.0072972585
B22: Prestaciones Sociales | C22: % | D22: 0.0005 | F22: =+$E$3 -> 541677920 | G22: =+$G$17 -> 1.3627 | H22: =+(((F22*G22*D22)/365)*($E$4*30+1095))*1.19 -> 1425882.8 | J22: =+H22/$E$3 -> 0.0026323444
B23: Responsabilidad Civil | C23: % | D23: 0.0025 | F23: =+$E$3 -> 541677920 | G23: =+$G$17 -> 1.3627 | H23: =+(((F23*G23*D23)/365)*($E$4*30+0))*1.19 -> 541474.49 | J23: =+H23/$E$3 -> 0.00099962445
A25: 2.3 | B25: VALLAS Y SEÑALIZACION | I25: =SUM(H26:H28) -> 800000 | J25: =+I25/$E$3 -> 0.0014768924
B26: Vallas incluye estructura de fijacion | C26: M2 | D26: 2 | E26: 200000 | F26: =E26*D26 -> 400000 | H26: =+F26*D26 -> 800000 | J26: =+H26/$E$3 -> 0.0014768924
H27: =+F27*D27 -> 0 | J27: =+H27/$E$3 -> 0
A29: 2.4 | B29: IMPUESTOS Y CONTRIBUCIONES | I29: =SUM(H30:H37) -> 1.0533322e+08 | J29: =+I29/$E$3 -> 0.19445729
B30: Contribuación Especial | C30: % | D30: 0.05 | F30: =+$E$3 -> 541677920 | G30: =+$G$17 -> 1.3627 | H30: =+F30*D30*G30 -> 36907225 | J30: =+H30/$E$3 -> 0.068135
B31: Estampillas para el bienestar del adulto mayor | C31: % | D31: 0.02 | F31: =+$E$3 -> 541677920 | G31: =+$G$17 -> 1.3627 | H31: =+F31*D31*G31 -> 14762890 | J31: =+H31/$E$3 -> 0.027254
B32: Estampillas Pro - Universidades. | C32: % | D32: 0.02 | F32: =+$E$3 -> 541677920 | G32: =+$G$17 -> 1.3627 | H32: =+F32*D32*G32 -> 14762890 | J32: =+H32/$E$3 -> 0.027254
B33: Estampilla pro cultura | C33: % | D33: 0.02 | F33: =+$E$3 -> 541677920 | G33: =+$G$17 -> 1.3627 | H33: =+F33*D33*G33 -> 14762890 | J33: =+H33/$E$3 -> 0.027254
B34: Estampilla pro justicia familiar | C34: % | D34: 0.02 | F34: =+$E$3 -> 541677920 | G34: =+$G$17 -> 1.3627 | H34: =+F34*D34*G34 -> 14762890 | J34: =+H34/$E$3 -> 0.027254
B35: Gasto bancarios4x1000 y retiros | C35: % | D35: 0.004 | F35: =+$E$3 -> 541677920 | G35: =+$G$17 -> 1.3627 | H35: =+F35*D35*G35 -> 2952578 | J35: =+H35/$E$3 -> 0.0054508
B36: Industria y Comercio 3,7 x 1.000 sobre valor total | C36: % | D36: 0.0037 | F36: =+$E$3 -> 541677920 | G36: =+$G$17 -> 1.3627 | H36: =+F36*D36*G36 -> 2731134.7 | J36: =+H36/$E$3 -> 0.00504199
B37: Tasa pro deporte y recreación | C37: % | D37: 0.005 | F37: =+$E$3 -> 541677920 | G37: =+$G$17 -> 1.3627 | H37: =+F37*D37*G37 -> 3690722.5 | J37: =+H37/$E$3 -> 0.0068135
B38: TOTAL GASTOS INDIRECTOS DE ADMINISTRACION. | I38: =SUM(I8:I37) -> 1.6397353e+08 | J38: =ROUND(SUM(J7:J37)/3,4) -> 0.3027
B39: UTILIDAD: | J39: 0.06
B40: A.U. | J40: =SUM(J38:J39) -> 0.3627
I42: NO MOVER | J42: =1+J40 -> 1.3627

Sheet A.P.U
A1: 001.049 | B1: - | C1: SUMINISTRO, TRANSPORTE E INSTALACIÓN CERRAMIENTO EN YUTE H= 2 M | D1: Actividad | E1: ML | I1: 15699
A2: 001.049 | B2: C1 | C2: CUADRILLA AA TIPO 1 (1 OFICIAL + 1 AYUDANTE) (Albañileria) | D2: Cuadrilla | E2: HR | F2: 0.16 | G2: 37863 | H2: 6058 | J2: =HYPERLINK("#"&"Insumos"&"!A"&MATCH($B2,[1]Insumos!$A:$A,0),"Ins "&$B2) -> Ins C1
A3: 001.049 | B3: H2 | C3: EQUIPO BASICO (HERRAMIENTA MENOR) | D3: Herramienta | E3: UND | F3: 0.16 | G3: 3623 | H3: 580 | J3: =HYPERLINK("#"&"Insumos"&"!A"&MATCH($B3,[1]Insumos!$A:$A,0),"Ins "&$B3) -> Ins H2
A4: 001.049 | B4: I425 | C4: PUNTILLA CON CABEZA 2" | D4: Insumos | E4: LB | F4: 0.2 | G4: 5304 | H4: 1061 | J4: =HYPERLINK("#"&"Insumos"&"!A"&MATCH($B4,[1]Insumos!$A:$A,0),"Ins "&$B4) -> Ins I425
A5: 001.049 | B5: I447 | C5: FIBRA PARA CERRAMIENTO PROVISIONAL H=2,1M | D5: Insumos | E5: M | F5: 1 | G5: 4505 | H5: 4505 | J5: =HYPERLINK("#"&"Insumos"&"!A"&MATCH($B5,[1]Insumos!$A:$A,0),"Ins "&$B5) -> Ins I447
A6: 001.049 | B6: I986 | C6: GUADUA CEPA DE 5 VARAS | D6: Insumos | E6: UND | F6: 0.35 | G6: 9987 | H6: 3495 | J6: =HYPERLINK("#"&"Insumos"&"!A"&MATCH($B6,[1]Insumos!$A:$A,0),"Ins "&$B6) -> Ins I986
A8: 001.054 | B8: - | C8: SUMINISTRO, TRANSPORTE E INSTALACION SEÑAL PREVENTIVA, REGLAMENTARIA E INFORMATIVA | D8: Actividad | E8: UND | I8: 257265
A9: 001.054 | B9: AB4 | C9: CONCRETO 2500 psi - 17.5 Mpa | D9: Analisis Basico | E9: M3 | F9: 0.01 | G9: 535318 | H9: 5353
A10: 001.054 | B10: C1 | C10: CUADRILLA AA TIPO 1 (1 OFICIAL + 1 AYUDANTE) (Albañileria) | D10: Cuadrilla | E10: HR | F10: 2 | G10: 37863 | H10: 75726 | J10: =HYPERLINK("#"&"Insumos"&"!A"&MATCH($B10,[1]Insumos!$A:$A,0),"Ins "&$B10) -> Ins C1
A11: 001.054 | B11: E111 | C11: FORMALETA PARA BASE DE CONCRETO | D11: Equipos | E11: UND | F11: 0.5 | G11: 5929 | H11: 2965 | J11: =HYPERLINK("#"&"Insumos"&"!A"&MATCH($B11,[1]Insumos!$A:$A,0),"Ins "&$B11) -> Ins E111
A12: 001.054 | B12: E12 | C12: EQUIPO DE TRANSPORTE | D12: Equipos | E12: DIA | F12: 0.228 | G12: 187426 | H12: 42733 | J12: =HYPERLINK("#"&"Insumos"&"!A"&MATCH($B12,[1]Insumos!$A:$A,0),"Ins "&$B12) -> Ins E12
A13: 001.054 | B13: H2 | C13: EQUIPO BASICO (HERRAMIENTA MENOR) | D13: Herramienta | E13: UND | F13: 2 | G13: 3623 | H13: 7246 | J13: =HYPERLINK("#"&"Insumos"&"!A"&MATCH($B13,[1]Insumos!$A:$A,0),"Ins "&$B13) -> Ins H2
A14: 001.054 | B14: I1565 | C14: ACARREO INTERNO | D14: Insumos | E14: UND | F14: 0.158 | G14: 1897 | H14: 300 | J14: =HYPERLINK("#"&"Insumos"&"!A"&MATCH($B14,[1]Insumos!$A:$A,0),"Ins "&$B14) -> Ins I1565
A15: 001.054 | B15: I450 | C15: ALQUILER DE SEÑAL PREVENTIVA, REGLAMENTARIA E INFORMATIVA | D15: Insumos | E15: UND | F15: 0.6 | G15: 204903 | H15: 122942 | J15: =HYPERLINK("#"&"Insumos"&"!A"&MATCH($B15,[1]Insumos!$A:$A,0),"Ins "&$B15) -> Ins I450
A17: 002.089 | B17: - | C17: RETIRO DE MATERIAL SOBRANTE EN VOLQUETA, CARGUE MANUAL, DISPOSICIÓN EN BOTADERO (HASTA 25 KM) | D17: Actividad | E17: M3-Suelto | I17: 44658
A18: 002.089 | B18: I2414 | C18: DERECHO A BOTADERO - LA NUBIA | D18: Insumos | E18: M3 | F18: 1 | G18: 9064 | H18: 9064 | J18: =HYPERLINK("#"&"Insumos"&"!A"&MATCH($B18,[1]Insumos!$A:$A,0),"Ins "&$B18) -> Ins I2414
A19: 002.089 | B19: H2 | C19: EQUIPO BASICO (HERRAMIENTA MENOR) | D19: Herramienta | E19: UND | F19: 0.1 | G19: 3623 | H19: 362 | J19: =HYPERLINK("#"&"Insumos"&"!A"&MATCH($B19,[1]Insumos!$A:$A,0),"Ins "&$B19) -> Ins H2
A20: 002.089 | B20: C44 | C20: CUADRILLA AA (2 AYUDANTES) | D20: Cuadrilla | E20: HR | F20: 0.5 | G20: 29124 | H20: 14562 | J20: =HYPERLINK("#"&"Insumos"&"!A"&MATCH($B20,[1]Insumos!$A:$A,0),"Ins "&$B20) -> Ins C44
A21: 002.089 | B21: E25 | C21: VOLQUETA SENCILLA 8M3 | D21: Equipos | E21: VJE | F21: 0.125 | G21: 165360 | H21: 20670 | J21: =HYPERLINK("#"&"Insumos"&"!A"&MATCH($B21,[1]Insumos!$A:$A,0),"Ins "&$B21) -> Ins E25
A23: 003.011 | B23: - | C23: SUMINISTRO, TRANSPORTE E INSTALACION BAJANTE AGUAS LLUVIAS PVC 4" (INCLUYE CODO, UNION Y ACCESORIOS DE FIJACION) | D23: Actividad | E23: ML | I23: 42672
A24: 003.011 | B24: C9 | C24: CUADRILLA BB TIPO 2 (1 OFICIAL + 2 AYUDANTE) (Instalaciones) | D24: Cuadrilla | E24: HR | F24: 0.25 | G24: 57672 | H24: 14418 | J24: =HYPERLINK("#"&"Insumos"&"!A"&MATCH($B24,[1]Insumos!$A:$A,0),"Ins "&$B24) -> Ins C9
A25: 003.011 | B25: E12 | C25: EQUIPO DE TRANSPORTE | D25: Equipos | E25: DIA | F25: 0.005 | G25: 187426 | H25: 937 | J25: =HYPERLINK("#"&"Insumos"&"!A"&MATCH($B25,[1]Insumos!$A:$A,0),"Ins "&$B25) -> Ins E12
A26: 003.011 | B26: H2 | C26: EQUIPO BASICO (HERRAMIENTA MENOR) | D26: Herramienta | E26: UND | F26: 0.1 | G26: 3623 | H26: 362 | J26: =HYPERLINK("#"&"Insumos"&"!A"&MATCH($B26,[1]Insumos!$A:$A,0),"Ins "&$B26) -> Ins H2
A27: 003.011 | B27: I1565 | C27: ACARREO INTERNO | D27: Insumos | E27: UND | F27: 0.4 | G27: 1897 | H27: 759 | J27: =HYPERLINK("#"&"Insumos"&"!A"&MATCH($B27,[1]Insumos!$A:$A,0),"Ins "&$B27) -> Ins I1565
A28: 003.011 | B28: I521 | C28: ABRAZADERA EN ACERO | D28: Insumos | E28: UND | F28: 0.5 | G28: 2963 | H28: 1482 | J28: =HYPERLINK("#"&"Insumos"&"!A"&MATCH($B28,[1]Insumos!$A:$A,0),"Ins "&$B28) -> Ins I521
A29: 003.011 | B29: I576 | C29: CODO 90° 1/4 CXC SANITARIO 4'' | D29: Insumos | E29: UND | F29: 0.06 | G29: 20431 | H29: 1226 | J29: =HYPERLINK("#"&"Insumos"&"!A"&MATCH($B29,[1]Insumos!$A:$A,0),"Ins "&$B29) -> Ins I576
A30: 003.011 | B30: I614 | C30: LIMPIADOR REM PVC 760 GRMS. (1/4) | D30: Insumos | E30: UND | F30: 0.017 | G30: 64889 | H30: 1103 | J30: =HYPERLINK("#"&"Insumos"&"!A"&MATCH($B30,[1]Insumos!$A:$A,0),"Ins "&$B30) -> Ins I614
A31: 003.011 | B31: I647 | C31: SOLDADURA PVC LIQUIDA 1/4 | D31: Insumos | E31: UND | F31: 0.017 | G31: 134508 | H31: 2287 | J31: =HYPERLINK("#"&"Insumos"&"!A"&MATCH($B31,[1]Insumos!$A:$A,0),"Ins "&$B31) -> Ins I647
A32: 003.011 | B32: I751 | C32: TUBO PVC A.LL-VENTILACION 4'' | D32: Insumos | E32: M | F32: 1.03 | G32: 17663 | H32: 18193 | J32: =HYPERLINK("#"&"Insumos"&"!A"&MATCH($B32,[1]Insumos!$A:$A,0),"Ins "&$B32) -> Ins I751
A33: 003.011 | B33: I795 | C33: UNION SANITARIA 4" PVC | D33: Insumos | E33: UND | F33: 0.16 | G33: 11904 | H33: 1905 | J33: =HYPERLINK("#"&"Insumos"&"!A"&MATCH($B33,[1]Insumos!$A:$A,0),"Ins "&$B33) -> Ins I795
A35: 005.113 | B35: - | C35: SUMINISTRO, TRANSPORTE E INSTALACION ESTRUCTURA METALICA PARA CUBIERTA (INCLUYE SOLDADURA, ANTICORROSIVO Y ESMALTE). | D35: Actividad | E35: KG | I35: 23495
A36: 005.113 | B36: C18 | C36: CUADRILLA DD TIPO 3 (1 OFICIAL + 3 AYUDANTE) (Carpinteria) | D36: Cuadrilla | E36: HR | F36: 0.09 | G36: 74500 | H36: 6705 | J36: =HYPERLINK("#"&"Insumos"&"!A"&MATCH($B36,[1]Insumos!$A:$A,0),"Ins "&$B36) -> Ins C18
A37: 005.113 | B37: E1 | C37: ANDAMIO METALICO CERTIFICADO, INCLUYE ESCALERILLA CON BARANDAS Y PLATAFORMAS DE TRABAJO H=2.0M | D37: Equipos | E37: Un-Dia | F37: 0.05 | G37: 17302 | H37: 865 | J37: =HYPERLINK("#"&"Insumos"&"!A"&MATCH($B37,[1]Insumos!$A:$A,0),"Ins "&$B37) -> Ins E1
A38: 005.113 | B38: E12 | C38: EQUIPO DE TRANSPORTE | D38: Equipos | E38: DIA | F38: 0.0017 | G38: 187426 | H38: 319 | J38: =HYPERLINK("#"&"Insumos"&"!A"&MATCH($B38,[1]Insumos!$A:$A,0),"Ins "&$B38) -> Ins E12
A39: 005.113 | B39: E59 | C39: EQUIPO DE SOLDADURA | D39: Equipos | E39: HR | F39: 0.01 | G39: 46854 | H39: 469 | J39: =HYPERLINK("#"&"Insumos"&"!A"&MATCH($B39,[1]Insumos!$A:$A,0),"Ins "&$B39) -> Ins E59
A40: 005.113 | B40: E78 | C40: COMPRESOR | D40: Equipos | E40: HR | F40: 0.01 | G40: 65223 | H40: 652 | J40: =HYPERLINK("#"&"Insumos"&"!A"&MATCH($B40,[1]Insumos!$A:$A,0),"Ins "&$B40) -> Ins E78
A41: 005.113 | B41: H2 | C41: EQUIPO BASICO (HERRAMIENTA MENOR) | D41: Herramienta | E41: UND | F41: 0.09 | G41: 3623 | H41: 326 | J41: =HYPERLINK("#"&"Insumos"&"!A"&MATCH($B41,[1]Insumos!$A:$A,0),"Ins "&$B41) -> Ins H2
A42: 005.113 | B42: I1001 | C42: ANTICORROSIVO PRIMER VERDE OLIVA REF .513 PINTUCO O SIMILAR | D42: Insumos | E42: GAL | F42: 0.015 | G42: 140296 | H42: 2104 | J42: =HYPERLINK("#"&"Insumos"&"!A"&MATCH($B42,[1]Insumos!$A:$A,0),"Ins "&$B42) -> Ins I1001
A43: 005.113 | B43: I1565 | C43: ACARREO INTERNO | D43: Insumos | E43: UND | F43: 0.1 | G43: 1897 | H43: 190 | J43: =HYPERLINK("#"&"Insumos"&"!A"&MATCH($B43,[1]Insumos!$A:$A,0),"Ins "&$B43) -> Ins I1565
A44: 005.113 | B44: I1789 | C44: SOLDADURA ELECTRICA TIPO WESTARCO SUPER E - 6013 DE 1/8 O SIMILAR | D44: Insumos | E44: KG | F44: 0.03 | G44: 15364 | H44: 461 | J44: =HYPERLINK("#"&"Insumos"&"!A"&MATCH($B44,[1]Insumos!$A:$A,0),"Ins "&$B44) -> Ins I1789
A45: 005.113 | B45: I2219 | C45: TUBERIA ESTRUCTURAL A.S.T.M. A-572 GRADO 50 - REDONDA, CUADRADA O RECTANGULAR SEGÚN DISEÑO - TIPO COLMENA O SIMILAR. | D45: Insumos | E45: KG | F45: 1.05 | G45: 10861 | H45: 11404 | J45: =HYPERLINK("#"&"Insumos"&"!A"&MATCH($B45,[1]Insumos!$A:$A,0),"Ins "&$B45) -> Ins I2219
A47: 007.116 | B47: - | C47: SUMINISTRO, TRANSPORTE E INSTALACION LAVAMANOS DE EMPOTRAR LINEA SAN LORENZO COLOR BLANCO DE CORONA REF: O19001001 O SIMILAR. (INCLUYE ELEMENTOS DE GRIFERÍA PARA INSTALACIÓN). | D47: Actividad | E47: UND | I47: 523495
A48: 007.116 | B48: C2 | C48: CUADRILLA BB TIPO 1 (1 OFICIAL + 1 AYUDANTE) (Instalaciones) | D48: Cuadrilla | E48: HR | F48: 1.18 | G48: 41652 | H48: 49149 | J48: =HYPERLINK("#"&"Insumos"&"!A"&MATCH($B48,[1]Insumos!$A:$A,0),"Ins "&$B48) -> Ins C2
A49: 007.116 | B49: E12 | C49: EQUIPO DE TRANSPORTE | D49: Equipos | E49: DIA | F49: 0.0529 | G49: 187426 | H49: 9915 | J49: =HYPERLINK("#"&"Insumos"&"!A"&MATCH($B49,[1]Insumos!$A:$A,0),"Ins "&$B49) -> Ins E12
A50: 007.116 | B50: H2 | C50: EQUIPO BASICO (HERRAMIENTA MENOR) | D50: Herramienta | E50: UND | F50: 0.1 | G50: 3623 | H50: 362 | J50: =HYPERLINK("#"&"Insumos"&"!A"&MATCH($B50,[1]Insumos!$A:$A,0),"Ins "&$B50) -> Ins H2
A51: 007.116 | B51: I1565 | C51: ACARREO INTERNO | D51: Insumos | E51: UND | F51: 1.3 | G51: 1897 | H51: 2466 | J51: =HYPERLINK("#"&"Insumos"&"!A"&MATCH($B51,[1]Insumos!$A:$A,0),"Ins "&$B51) -> Ins I1565
A52: 007.116 | B52: I1871 | C52: ACCESORIOS GENERALES DE INSTALACIÓN | D52: Insumos | E52: GLB | F52: 1 | G52: 174167 | H52: 174167 | J52: =HYPERLINK("#"&"Insumos"&"!A"&MATCH($B52,[1]Insumos!$A:$A,0),"Ins "&$B52) -> Ins I1871
A53: 007.116 | B53: I1873 | C53: LAVAMANOS DE EMPOTRAR LINEA SAN LORENZO COLOR BLANCO DE CORONA REF: O19001001 O SIMILAR. | D53: Insumos | E53: UND | F53: 1 | G53: 287436 | H53: 287436 | J53: =HYPERLINK("#"&"Insumos"&"!A"&MATCH($B53,[1]Insumos!$A:$A,0),"Ins "&$B53) -> Ins I1873
A55: 007.120 | B55: - | C55: SONDEO DE TUBERÍAS Y BAJANTES DE AGUAS LLUVIA | D55: Actividad | E55: ML | I55: 9537
A56: 007.120 | B56: C2 | C56: CUADRILLA BB TIPO 1 (1 OFICIAL + 1 AYUDANTE) (Instalaciones) | D56: Cuadrilla | E56: HR | F56: 0.1 | G56: 41652 | H56: 4165 | J56: =HYPERLINK("#"&"Insumos"&"!A"&MATCH($B56,[1]Insumos!$A:$A,0),"Ins "&$B56) -> Ins C2
A57: 007.120 | B57: E1 | C57: ANDAMIO METALICO CERTIFICADO, INCLUYE ESCALERILLA CON BARANDAS Y PLATAFORMAS DE TRABAJO H=2.0M | D57: Equipos | E57: Un-Dia | F57: 0.3 | G57: 17302 | H57: 5191 | J57: =HYPERLINK("#"&"Insumos"&"!A"&MATCH($B57,[1]Insumos!$A:$A,0),"Ins "&$B57) -> Ins E1
A58: 007.120 | B58: H2 | C58: EQUIPO BASICO (HERRAMIENTA MENOR) | D58: Herramienta | E58: UND | F58: 0.05 | G58: 3623 | H58: 181 | J58: =HYPERLINK("#"&"Insumos"&"!A"&MATCH($B58,[1]Insumos!$A:$A,0),"Ins "&$B58) -> Ins H2
A60: 08B.111 | B60: - | C60: SUMINISTRO E INSTALACION DE TABLERO DE 12 CIRCUITOS 2F4H, CON PUERTA. BARRAJE PARA 200A BARRA NEUTRO Y BARRA TIERRA CALIDAD LEGRAND, SIEMENS, SQARED O SUPERIOR DE MARCA RECONOCIDA Y HOMOLOGADA POR EL CIDET | D60: Actividad | E60: UND | I60: 645174
A61: 08B.111 | B61: C13 | C61: CUADRILLA FF TIPO 2 (1 OFICIAL + 2 AYUDANTE) (Electricas) | D61: Cuadrilla | E61: HR | F61: 3.5 | G61: 75325 | H61: 263638 | J61: =HYPERLINK("#"&"Insumos"&"!A"&MATCH($B61,[1]Insumos!$A:$A,0),"Ins "&$B61) -> Ins C13
A62: 08B.111 | B62: E12 | C62: EQUIPO DE TRANSPORTE | D62: Equipos | E62: DIA | F62: 0.0237 | G62: 187426 | H62: 4442 | J62: =HYPERLINK("#"&"Insumos"&"!A"&MATCH($B62,[1]Insumos!$A:$A,0),"Ins "&$B62) -> Ins E12
A63: 08B.111 | B63: H2 | C63: EQUIPO BASICO (HERRAMIENTA MENOR) | D63: Herramienta | E63: UND | F63: 0.5 | G63: 3623 | H63: 1812 | J63: =HYPERLINK("#"&"Insumos"&"!A"&MATCH($B63,[1]Insumos!$A:$A,0),"Ins "&$B63) -> Ins H2
A64: 08B.111 | B64: I1389 | C64: TABLERO DE 12 CIRCUITOS 2F4H, CON PUERTA , ESPACIO PARA TOTALIZADOR, BARRAJE, BARRA NEUTRO Y BARRA TIERRA CALIDAD LEGRAND, SIEMENS, SQARED O SUPERIOR DE MARCA RECONOCIDA Y HOMOLOGADA POR EL CIDET | D64: Insumos | E64: UND | F64: 1 | G64: 331121 | H64: 331121 | J64: =HYPERLINK("#"&"Insumos"&"!A"&MATCH($B64,[1]Insumos!$A:$A,0),"Ins "&$B64) -> Ins I1389
A65: 08B.111 | B65: I1565 | C65: ACARREO INTERNO | D65: Insumos | E65: UND | F65: 5.5 | G65: 1897 | H65: 10434 | J65: =HYPERLINK("#"&"Insumos"&"!A"&MATCH($B65,[1]Insumos!$A:$A,0),"Ins "&$B65) -> Ins I1565
A66: 08B.111 | B66: I1724 | C66: SUMINISTRO DE MARCADORES EN ACRILICO | D66: Insumos | E66: ML | F66: 4 | G66: 3200 | H66: 12800 | J66: =HYPERLINK("#"&"Insumos"&"!A"&MATCH($B66,[1]Insumos!$A:$A,0),"Ins "&$B66) -> Ins I1724
A67: 08B.111 | B67: I1739 | C67: SUMINISTRO DE MARCADORES DE CABLES | D67: Insumos | E67: UND | F67: 8 | G67: 1492 | H67: 11936 | J67: =HYPERLINK("#"&"Insumos"&"!A"&MATCH($B67,[1]Insumos!$A:$A,0),"Ins "&$B67) -> Ins I1739
A68: 08B.111 | B68: I2119 | C68: BORNA DE PONCHAR ESTAÑADA N° 12 AWG | D68: Insumos | E68: UND | F68: 9 | G68: 999 | H68: 8991 | J68: =HYPERLINK("#"&"Insumos"&"!A"&MATCH($B68,[1]Insumos!$A:$A,0),"Ins "&$B68) -> Ins I2119
A70: 08B.173 | B70: - | C70: SUMINISTRO, TRANSPORTE E INSTALACION SALIDA ILUMINACION EN TUBERIA CONDUIT EMT 3/4", ALAMBRE NO 12 AWG | D70: Actividad | E70: UND | I70: 180114
A71: 08B.173 | B71: C13 | C71: CUADRILLA FF TIPO 2 (1 OFICIAL + 2 AYUDANTE) (Electricas) | D71: Cuadrilla | E71: HR | F71: 1 | G71: 75325 | H71: 75325 | J71: =HYPERLINK("#"&"Insumos"&"!A"&MATCH($B71,[1]Insumos!$A:$A,0),"Ins "&$B71) -> Ins C13
A72: 08B.173 | B72: E12 | C72: EQUIPO DE TRANSPORTE | D72: Equipos | E72: DIA | F72: 0.0096 | G72: 187426 | H72: 1799 | J72: =HYPERLINK("#"&"Insumos"&"!A"&MATCH($B72,[1]Insumos!$A:$A,0),"Ins "&$B72) -> Ins E12
A73: 08B.173 | B73: H2 | C73: EQUIPO BASICO (HERRAMIENTA MENOR) | D73: Herramienta | E73: UND | F73: 0.5 | G73: 3623 | H73: 1812 | J73: =HYPERLINK("#"&"Insumos"&"!A"&MATCH($B73,[1]Insumos!$A:$A,0),"Ins "&$B73) -> Ins H2
A74: 08B.173 | B74: I1116 | C74: ACCESORIOS FIJACION TUBERIA EMT 3/4" (ABRAZADERA, ALAMBRE) | D74: Insumos | E74: UND | F74: 2 | G74: 3076 | H74: 6152 | J74: =HYPERLINK("#"&"Insumos"&"!A"&MATCH($B74,[1]Insumos!$A:$A,0),"Ins "&$B74) -> Ins I1116
A75: 08B.173 | B75: I1129 | C75: ACCESORIOS TUBERIA EMT 3/4" (UNION Y CURVA) | D75: Insumos | E75: UND | F75: 2 | G75: 6465 | H75: 12930 | J75: =HYPERLINK("#"&"Insumos"&"!A"&MATCH($B75,[1]Insumos!$A:$A,0),"Ins "&$B75) -> Ins I1129
A76: 08B.173 | B76: I1142 | C76: ALAMBRE COBRE DESNUDO Nº 12 AWG | D76: Insumos | E76: M | F76: 3 | G76: 2288 | H76: 6864 | J76: =HYPERLINK("#"&"Insumos"&"!A"&MATCH($B76,[1]Insumos!$A:$A,0),"Ins "&$B76) -> Ins I1142
A77: 08B.173 | B77: I1145 | C77: ALAMBRE COBRE Nº 12 THHN AWG | D77: Insumos | E77: M | F77: 6 | G77: 2236 | H77: 13416 | J77: =HYPERLINK("#"&"Insumos"&"!A"&MATCH($B77,[1]Insumos!$A:$A,0),"Ins "&$B77) -> Ins I1145
A78: 08B.173 | B78: I1186 | C78: CABLE DE COBRE ENCAUCHETADO 3 X 16 THHN | D78: Insumos | E78: M | F78: 1 | G78: 5140 | H78: 5140 | J78: =HYPERLINK("#"&"Insumos"&"!A"&MATCH($B78,[1]Insumos!$A:$A,0),"Ins "&$B78) -> Ins I1186
A79: 08B.173 | B79: I1227 | C79: CONDULETA EN T Ó L 3/4" NPT | D79: Insumos | E79: UND | F79: 1 | G79: 16193 | H79: 16193 | J79: =HYPERLINK("#"&"Insumos"&"!A"&MATCH($B79,[1]Insumos!$A:$A,0),"Ins "&$B79) -> Ins I1227
A80: 08B.173 | B80: I1375 | C80: PRENSA ESTOPA ALUMINIO 3/4" NPT | D80: Insumos | E80: UND | F80: 1 | G80: 9220 | H80: 9220 | J80: =HYPERLINK("#"&"Insumos"&"!A"&MATCH($B80,[1]Insumos!$A:$A,0),"Ins "&$B80) -> Ins I1375
A81: 08B.173 | B81: I1461 | C81: TUBO CONDUIT GALVANIZADA EMT 3/4" | D81: Insumos | E81: M | F81: 3 | G81: 9093 | H81: 27279 | J81: =HYPERLINK("#"&"Insumos"&"!A"&MATCH($B81,[1]Insumos!$A:$A,0),"Ins "&$B81) -> Ins I1461
A82: 08B.173 | B82: I1565 | C82: ACARREO INTERNO | D82: Insumos | E82: UND | F82: 2.1 | G82: 1897 | H82: 3984 | J82: =HYPERLINK("#"&"Insumos"&"!A"&MATCH($B82,[1]Insumos!$A:$A,0),"Ins "&$B82) -> Ins I1565
A84: 08B.175 | B84: - | C84: SUMINISTRO, TRANSPORTE E INSTALACION SALIDA TOMACORRIENTE NORMAL DOBLE PT EN TUBERIA CONDUIT PVC 3/4", ALAMBRE NO 12 AWG | D84: Actividad | E84: UND | I84: 140913
A85: 08B.175 | B85: C13 | C85: CUADRILLA FF TIPO 2 (1 OFICIAL + 2 AYUDANTE) (Electricas) | D85: Cuadrilla | E85: HR | F85: 1 | G85: 75325 | H85: 75325 | J85: =HYPERLINK("#"&"Insumos"&"!A"&MATCH($B85,[1]Insumos!$A:$A,0),"Ins "&$B85) -> Ins C13
A86: 08B.175 | B86: E12 | C86: EQUIPO DE TRANSPORTE | D86: Equipos | E86: DIA | F86: 0.0052 | G86: 187426 | H86: 975 | J86: =HYPERLINK("#"&"Insumos"&"!A"&MATCH($B86,[1]Insumos!$A:$A,0),"Ins "&$B86) -> Ins E12
A87: 08B.175 | B87: H2 | C87: EQUIPO BASICO (HERRAMIENTA MENOR) | D87: Herramienta | E87: UND | F87: 0.5 | G87: 3623 | H87: 1812 | J87: =HYPERLINK("#"&"Insumos"&"!A"&MATCH($B87,[1]Insumos!$A:$A,0),"Ins "&$B87) -> Ins H2
A88: 08B.175 | B88: I1110 | C88: ACCESORIOS DE FIJACION | D88: Insumos | E88: UND | F88: 3 | G88: 2562 | H88: 7686 | J88: =HYPERLINK("#"&"Insumos"&"!A"&MATCH($B88,[1]Insumos!$A:$A,0),"Ins "&$B88) -> Ins I1110
A89: 08B.175 | B89: I1137 | C89: ADAPTADOR TERMINAL PVC 3/4" | D89: Insumos | E89: UND | F89: 2 | G89: 520 | H89: 1040 | J89: =HYPERLINK("#"&"Insumos"&"!A"&MATCH($B89,[1]Insumos!$A:$A,0),"Ins "&$B89) -> Ins I1137
A90: 08B.175 | B90: I1142 | C90: ALAMBRE COBRE DESNUDO Nº 12 AWG | D90: Insumos | E90: M | F90: 3 | G90: 2288 | H90: 6864 | J90: =HYPERLINK("#"&"Insumos"&"!A"&MATCH($B90,[1]Insumos!$A:$A,0),"Ins "&$B90) -> Ins I1142
A91: 08B.175 | B91: I1145 | C91: ALAMBRE COBRE Nº 12 THHN AWG | D91: Insumos | E91: M | F91: 6 | G91: 2236 | H91: 13416 | J91: =HYPERLINK("#"&"Insumos"&"!A"&MATCH($B91,[1]Insumos!$A:$A,0),"Ins "&$B91) -> Ins I1145
A92: 08B.175 | B92: I1205 | C92: CAJA METALICA GALVANIZADA (REF: 2400) | D92: Insumos | E92: UND | F92: 1 | G92: 3481 | H92: 3481 | J92: =HYPERLINK("#"&"Insumos"&"!A"&MATCH($B92,[1]Insumos!$A:$A,0),"Ins "&$B92) -> Ins I1205
A93: 08B.175 | B93: I2661 | C93: SUPLEMENTO CAJA 2400 GAVANIZADO | D93: Insumos | E93: UN | F93: 1 | G93: 936 | H93: 936 | J93: =HYPERLINK("#"&"Insumos"&"!A"&MATCH($B93,[1]Insumos!$A:$A,0),"Ins "&$B93) -> Ins I2661
A94: 08B.175 | B94: I1431 | C94: TOMACORRIENTE DOBLE CON POLO A TIERRA NEMA 5-15-R | D94: Insumos | E94: UND | F94: 1 | G94: 15368 | H94: 15368 | J94: =HYPERLINK("#"&"Insumos"&"!A"&MATCH($B94,[1]Insumos!$A:$A,0),"Ins "&$B94) -> Ins I1431
A95: 08B.175 | B95: I1473 | C95: TUBO CONDUIT PVC 3/4" | D95: Insumos | E95: M | F95: 3 | G95: 2946 | H95: 8838 | J95: =HYPERLINK("#"&"Insumos"&"!A"&MATCH($B95,[1]Insumos!$A:$A,0),"Ins "&$B95) -> Ins I1473
A96: 08B.175 | B96: I1489 | C96: CINTA AISLANTE 3M | D96: Insumos | E96: ROLLO | F96: 0.2 | G96: 5939 | H96: 1188 | J96: =HYPERLINK("#"&"Insumos"&"!A"&MATCH($B96,[1]Insumos!$A:$A,0),"Ins "&$B96) -> Ins I1489
A97: 08B.175 | B97: I1565 | C97: ACARREO INTERNO | D97: Insumos | E97: UND | F97: 2.1 | G97: 1897 | H97: 3984 | J97: =HYPERLINK("#"&"Insumos"&"!A"&MATCH($B97,[1]Insumos!$A:$A,0),"Ins "&$B97) -> Ins I1565
A99: 08B.176 | B99: - | C99: SUMINISTRO, TRANSPORTE E INSTALACION SALIDA TOMACORRIENTE NORMAL DOBLE PT EN TUBERIA CONDUIT EMT 3/4", ALAMBRE NO 12 AWG | D99: Actividad | E99: UND | I99: 193896
A100: 08B.176 | B100: C13 | C100: CUADRILLA FF TIPO 2 (1 OFICIAL + 2 AYUDANTE) (Electricas) | D100: Cuadrilla | E100: HR | F100: 1 | G100: 75325 | H100: 75325 | J100: =HYPERLINK("#"&"Insumos"&"!A"&MATCH($B100,[1]Insumos!$A:$A,0),"Ins "&$B100) -> Ins C13
A101: 08B.176 | B101: E12 | C101: EQUIPO DE TRANSPORTE | D101: Equipos | E101: DIA | F101: 0.011 | G101: 187426 | H101: 2062 | J101: =HYPERLINK("#"&"Insumos"&"!A"&MATCH($B101,[1]Insumos!$A:$A,0),"Ins "&$B101) -> Ins E12
A102: 08B.176 | B102: H2 | C102: EQUIPO BASICO (HERRAMIENTA MENOR) | D102: Herramienta | E102: UND | F102: 0.5 | G102: 3623 | H102: 1812 | J102: =HYPERLINK("#"&"Insumos"&"!A"&MATCH($B102,[1]Insumos!$A:$A,0),"Ins "&$B102) -> Ins H2
A103: 08B.176 | B103: I1116 | C103: ACCESORIOS FIJACION TUBERIA EMT 3/4" (ABRAZADERA, ALAMBRE) | D103: Insumos | E103: UND | F103: 2 | G103: 3076 | H103: 6152 | J103: =HYPERLINK("#"&"Insumos"&"!A"&MATCH($B103,[1]Insumos!$A:$A,0),"Ins "&$B103) -> Ins I1116
A104: 08B.176 | B104: I1129 | C104: ACCESORIOS TUBERIA EMT 3/4" (UNION Y CURVA) | D104: Insumos | E104: UND | F104: 2 | G104: 6465 | H104: 12930 | J104: =HYPERLINK("#"&"Insumos"&"!A"&MATCH($B104,[1]Insumos!$A:$A,0),"Ins "&$B104) -> Ins I1129
A105: 08B.176 | B105: I1142 | C105: ALAMBRE COBRE DESNUDO Nº 12 AWG | D105: Insumos | E105: M | F105: 3 | G105: 2288 | H105: 6864 | J105: =HYPERLINK("#"&"Insumos"&"!A"&MATCH($B105,[1]Insumos!$A:$A,0),"Ins "&$B105) -> Ins I1142
A106: 08B.176 | B106: I1145 | C106: ALAMBRE COBRE Nº 12 THHN AWG | D106: Insumos | E106: M | F106: 6 | G106: 2236 | H106: 13416 | J106: =HYPERLINK("#"&"Insumos"&"!A"&MATCH($B106,[1]Insumos!$A:$A,0),"Ins "&$B106) -> Ins I1145
A107: 08B.176 | B107: I1205 | C107: CAJA METALICA GALVANIZADA (REF: 2400) | D107: Insumos | E107: UND | F107: 1 | G107: 3481 | H107: 3481 | J107: =HYPERLINK("#"&"Insumos"&"!A"&MATCH($B107,[1]Insumos!$A:$A,0),"Ins "&$B107) -> Ins I1205
A108: 08B.176 | B108: I1227 | C108: CONDULETA EN T Ó L 3/4" NPT | D108: Insumos | E108: UND | F108: 1 | G108: 16193 | H108: 16193 | J108: =HYPERLINK("#"&"Insumos"&"!A"&MATCH($B108,[1]Insumos!$A:$A,0),"Ins "&$B108) -> Ins I1227
A109: 08B.176 | B109: I1375 | C109: PRENSA ESTOPA ALUMINIO 3/4" NPT | D109: Insumos | E109: UND | F109: 1 | G109: 9220 | H109: 9220 | J109: =HYPERLINK("#"&"Insumos"&"!A"&MATCH($B109,[1]Insumos!$A:$A,0),"Ins "&$B109) -> Ins I1375
A110: 08B.176 | B110: I1431 | C110: TOMACORRIENTE DOBLE CON POLO A TIERRA NEMA 5-15-R | D110: Insumos | E110: UND | F110: 1 | G110: 15368 | H110: 15368 | J110: =HYPERLINK("#"&"Insumos"&"!A"&MATCH($B110,[1]Insumos!$A:$A,0),"Ins "&$B110) -> Ins I1431
...
